 Dungeon Crawl Stone Soup version 0.30-a0-364-gf6b3ef1049 (webtiles) character file.

Game seed: 4539152469330008330

937699 mopl the Executioner (level 27, -1/189 (231) HPs)
             Began as a Formicid Warper on Nov 10, 2022.
             Was the Champion of the Shining One.
             Killed from afar by a shard shrike (17 damage)
             ... with a shard of ice
             ... on level 5 of Cocytus on Nov 14, 2022.
             The game lasted 02:56:17 (65306 turns).

mopl the Executioner (Formicid Warper)             Turns: 65306, Time: 02:56:17

HP:   -1/189 (231)  AC: 48    Str: 32 (42) XL:     27
MP:   26/32         EV: 16    Int: 11 (14) God:    the Shining One [******]
Gold: 13045         SH: 28    Dex: 15      Spells: 9/36 levels left

rFire   + . .      SeeInvis +    a - +9 executioner's axe (holy)
rCold   + . .      Faith    .    q - +4 tower shield of Vair {Fly rElec Str+4 Int+2}
rNeg    + + +      Spirit   .    h - +8 gold dragon scales
rPois   +          Reflect  .    (helmet unavailable)
rElec   +          Harm     .    n - +1 cloak {rCorr}
rCorr   +          Rampage  ∞    e - +1 pair of gloves {Str+3}
Will    +....                    G - +3 pair of seven-league boots {Rampage+∞}
Stlth   ..........               I - amulet of the Meadowlark {rPois Regen+ Str+4}
HPRegen 1.31/turn                A - +4 ring of slaying
MPRegen 0.23/turn                v - ring "Jiqaunad" {Drain Will+ AC+4 Str+6 Int-4}

@: weak-willed, flying, glowing, studying 2 skills, heavily drained, unable to
read, unable to drink
A: permanent stasis, dig shafts and tunnels, antennae 3, four strong arms,
inability to read after injury 1
}: 9/15 runes: decaying, slimy, silver, obsidian, bone, abyssal, glowing, fiery,
gossamer
a: Dig, Shaft Self, Renounce Religion, Divine Shield, Cleansing Flame, Summon
Divine Warrior


You were on level 5 of Cocytus.
You worshipped the Shining One.
The Shining One was exalted by your worship.
You visited 16 branches of the dungeon, and saw 76 of its levels.
You visited Pandemonium 1 time, and saw 7 of its levels.
You visited the Abyss 2 times.
You also visited: Trove, Ossuary, Gauntlet, Ice Cave and Volcano.

You collected 14940 gold pieces.
You spent 1828 gold pieces at shops.
You donated 67 gold pieces to Zin.

Inventory:

Hand Weapons
 a - a +9 executioner's axe of holy wrath (weapon)
 b - a +9 spectral executioner's axe
Missiles
 c - 22 boomerangs of dispersal
 g - 32 boomerangs (quivered)
 j - 71 poisoned darts
 r - 18 curare-tipped darts
 D - 3 throwing nets
 E - 10 silver javelins
 M - 7 silver boomerangs
 T - 28 atropa-tipped darts
 V - 18 datura-tipped darts
 W - 19 javelins
Armour
 e - a +1 pair of gloves of strength (worn)
 h - +8 gold dragon scales (worn)
 n - a +1 cloak of preservation (worn)
 q - the +4 tower shield of Vair (worn) {Fly rElec Str+4 Int+2}
   (Okawaru gifted it to you on level 2 of the Lair of Beasts)

   Str:       It affects your strength (+4).
   Int:       It affects your intelligence (+2).
   rElec:     It insulates you from electricity.
   Fly:       It grants you flight.
 G - the +3 pair of seven-league boots (worn) {Rampage+∞}
   (Okawaru gifted it to you on level 5 of the Lair of Beasts)

   Its wearer moves as far as possible in that direction when moving towards
   enemies.
Jewellery
 v - the ring "Jiqaunad" (right hand) {Drain Will+ AC+4 Str+6 Int-4}
   (You took it off a fire giant on level 4 of the Vaults)

   [ring of protection]

   AC:        It affects your AC (+4).
   Str:       It affects your strength (+6).
   Int:       It affects your intelligence (-4).
   Drain:     It drains your maximum health when unequipped.
   Will:      It increases your willpower.
 A - a +4 ring of slaying (left hand)
 I - the amulet of the Meadowlark (around neck) {rPois Regen+ Str+4}
   (You found it on level 8 of the Dungeon)

   [amulet of regeneration]

   Str:       It affects your strength (+4).
   rPois:     It protects you from poison.
   Regen:     It increases your rate of health regeneration.
 Z - the ring "Ybith" {MP+9 AC+4 Dex+2}
   (You took it off a balrug in Pandemonium)

   [ring of protection]

   AC:        It affects your AC (+4).
   Dex:       It affects your dexterity (+2).
   MP:        It affects your magic capacity (+9).
Wands
 m - a wand of mindburst (19)
 x - a wand of quicksilver (17)
 C - a wand of digging (24)
 N - a wand of polymorph (40)
 P - a wand of roots (55)
 Y - a wand of paralysis (27)
Scrolls
 o - 16 scrolls of immolation
 p - 11 scrolls of magic mapping
 s - 10 scrolls of fear
 u - 15 scrolls of poison
 z - 8 scrolls of silence {!r}
 B - 10 scrolls of vulnerability
 H - 16 scrolls of fog
 U - a scroll of summoning
Potions
 d - 2 potions of brilliance
 i - 14 potions of heal wounds
 t - 12 potions of lignification {!q}
 F - 51 potions of curing
 K - 10 potions of magic
 L - 5 potions of cancellation
 O - 19 potions of ambrosia
 S - 7 potions of might
Miscellaneous
 f - a box of beasts
 k - a phantom mirror
 l - a lightning rod (4/4)
 J - a phial of floods
 Q - a tin of tremorstones (2/2)
 R - a piece from Xom's chessboard (15/15)


   Skills:
 - Level 22.0 Fighting
 - Level 26.0 Axes
 + Level 20.6 Throwing
 - Level 24.0 Armour
 + Level 20.9 Dodging
 + Level 17.6 Stealth
 - Level 26.0 Shields
 - Level 5.0 Spellcasting
 * Level 19.2 Translocations
 - Level 13.0 Invocations
 - Level 20.0 Evocations


You had 9 spell levels left.
You knew the following spells:

 Your Spells              Type           Power      Damage    Failure   Level
a - Apportation           Tloc           88%        N/A       1%          1
b - Manifold Assault      Tloc           44%        N/A       1%          4
c - Lesser Beckoning      Tloc           88%        N/A       1%          3
d - Portal Projectile     Hex/Tloc       46%        N/A       9%          3
e - Teleport Other        Tloc           44%        N/A       1%          3
f - Gell's Gravitas       Tloc           44%        N/A       1%          3
D - Dispersal             Tloc           22%        N/A       9%          6
P - Passage of Golubria   Tloc           44%        N/A       1%          4

Your spell library contained the following spells:

 Spells                   Type           Power      Damage    Failure   Level
 Vhi's Electric Charge    Tloc/Air       46%        N/A       9%          3
 Iskenderun's Mystic Bla  Conj/Tloc      23%        2d6       26%         4
 Kindle Blastsparks       Fire/Tloc/Air  32%        2d12      30%         3
 Foxfire                  Conj/Fire      8%         2x1d4     80%         1
 Freeze                   Ice            8%         1d3       80%         1
 Kiss of Death            Conj/Necr      8%         2d6       80%         1
 Magic Dart               Conj           8%         1d3       80%         1
 Necrotise                Necr           8%         1d4       80%         1
 Sandblast                Erth           4%         2d4       80%         1
 Shock                    Conj/Air       8%         1d3       80%         1
 Slow                     Hex            8%         N/A       80%         1
 Sting                    Tmut/Pois      8%         1d3       80%         1
 Call Imp                 Summ           2%         N/A       91%         2
 Cigotuvi's Dreadful Rot  Necr/Pois/Air  4%         N/A       91%         2
 Ensorcelled Hibernation  Hex/Ice        4%         N/A       91%         2
 Passwall                 Tmut/Erth      1%         N/A       91%         2
 Scorch                   Fire           4%         2d5       91%         2
 Static Discharge         Conj/Air       4%         2-3/arc   91%         2
 Call Canine Familiar     Summ           2%         N/A       99%         3
 Confusing Touch          Hex            2%         N/A       99%         3
 Dazzling Flash           Conj/Hex       4%         N/A       99%         3
 Frozen Ramparts          Ice            4%         1d1       99%         3
 Hailstorm                Conj/Ice       2%         3d3       99%         3
 Ignite Poison            Fire/Tmut/Pois 2%         N/A       99%         3
 Inner Flame              Hex/Fire       2%         N/A       99%         3
 Mephitic Cloud           Conj/Pois/Air  2%         N/A       99%         3
 Ozocubu's Armour         Ice            2%         N/A       99%         3
 Spider Form              Tmut/Pois      2%         N/A       99%         3
 Stone Arrow              Conj/Erth      4%         3d7       99%         3
 Tukima's Dance           Hex            2%         N/A       99%         3
 Vampiric Draining        Necr           2%         2d6       99%         3
 Airstrike                Air            1%         2d(1-17)  100%        4
 Anguish                  Hex/Necr       1%         N/A       100%        4
 Animate Armour           Summ/Erth      4%         N/A       100%        4
 Cause Fear               Hex            1%         N/A       100%        4
 Dispel Undead            Necr           2%         3d7       100%        4
 Flame Wave               Conj/Fire      2%         2d4       100%        4
 Fulminant Prism          Conj/Hex       1%         3d5       100%        4
 Leda's Liquefaction      Hex/Erth       1%         N/A       100%        4
 Olgreb's Toxic Radiance  Pois           2%         N/A       100%        4
 Sticky Flame             Conj/Fire      2%         2d3       100%        4
 Summon Ice Beast         Ice/Summ       2%         N/A       100%        4
 Summon Lightning Spire   Summ/Air       2%         N/A       100%        4
 Agony                    Necr           2%         N/A       100%        5
 Alistair's Intoxication  Tmut/Pois      1%         N/A       100%        5
 Arcjolt                  Conj/Air       1%         1d11      100%        5
 Blade Hands              Tmut           1%         N/A       100%        5
 Borgnjor's Vile Clutch   Necr/Erth      1%         N/A       100%        5
 Fireball                 Conj/Fire      1%         3d3       100%        5
 Irradiate                Conj/Tmut      1%         3d12      100%        5
 Iskenderun's Battlesphe  Conj           2%         2d6       100%        5
 Lee's Rapid Deconstruct  Erth           1%         3d4*      100%        5
 Lightning Bolt           Conj/Air       1%         1d12      100%        5
 Metabolic Englaciation   Hex/Ice        1%         N/A       100%        5
 Silence                  Hex/Air        1%         N/A       100%        5
 Summon Mana Viper        Hex/Summ       2%         N/A       100%        5
 Yara's Violent Unravell  Hex/Tmut       1%         3d3       100%        5
 Conjure Ball Lightning   Conj/Air       1%         3x3d6     100%        6
 Eringya's Noxious Bog    Tmut/Pois      1%         N/A       100%        6
 Iron Shot                Conj/Erth      1%         9d1       100%        6
 Starburst                Conj/Fire      1%         6d3       100%        6
 Statue Form              Tmut/Erth      1%         N/A       100%        6
 Summon Cactus Giant      Summ           1%         N/A       100%        6
 Dragon Form              Tmut           1%         N/A       100%        7
 Monstrous Menagerie      Summ           1%         N/A       100%        7
 Orb of Destruction       Conj           1%         9d5       100%        7
 Ozocubu's Refrigeration  Ice            1%         4d7       100%        7
 Spellforged Servitor     Conj/Summ      1%         N/A       100%        7
 Storm Form               Tmut/Air       1%         N/A       100%        7
 Summon Hydra             Summ           1%         N/A       100%        7
 Borgnjor's Revivificati  Necr           1%         N/A       100%        8
 Ignition                 Fire           1%         3d3       100%        8
 Lehudib's Crystal Spear  Conj/Erth      1%         10d2      100%        8
 Maxwell's Capacitive Co  Air            1%         ∞         100%        8
 Dragon's Call            Summ           1%         N/A       100%        9
 Fire Storm               Conj/Fire      1%         7d1       100%        9
 Polar Vortex             Ice            1%         N/A       100%        9
 Blink                    Tloc           Unusable   N/A       N/A         2
 Swiftness                Air            Unusable   N/A       N/A         3

Dungeon Overview and Level Annotations

Branches:
Dungeon (15/15)            Temple (1/1) D:5            Lair (5/5) D:9
  Swamp (4/4) Lair:3       Spider (4/4) Lair:3        Slime (5/5) Lair:5
    Orc (2/2) D:9             Elf (3/3) Orc:2        Vaults (5/5) D:14
  Crypt (3/3) Vaults:3       Tomb (0/3) Crypt:3      Depths (4/4) D:15
   Hell (visited)             Dis (0/7) Hell            Geh (7/7) Hell
    Coc (5/7) Hell            Tar (7/7) Hell            Zot (5/5) Depths:4
Ossuary (visited)           IceCv (visited)         Volcano (visited)
Gauntlet (visited)

Altars:
Ashenzari
Cheibriados
Dithmenos
Elyvilon
Fedhas
Gozag
Hepliaklqana
Kikubaaqudgha
Makhleb
Nemelex Xobeh
Okawaru
Qazlal
Ru
Sif Muna
Trog
Uskayaw
Vehumet
Wu Jian
Xom
Yredelemnul
Zin
The Shining One
Jiyva

Shops:
D:3 ((   D:6 :   Orc:2 !=*(**=   Vaults:2 :   Vaults:5 :?   Depths:1 [
Depths:3 =:=   Depths:4 !

Portals:
Hell: Lair:5 Depths:1 Depths:2 Depths:3 Depths:4
Abyss: Depths:2 Depths:3
Pandemonium: Orc:2 Depths:2
Ziggurat: Depths:1

Annotations:
D:12 3 runed translucent doors, gabibbone's ghost, journeyman TrFi


Innate Abilities, Weirdness & Mutations

You cannot be hasted, slowed, berserked, paralysed or teleported.
You can dig through walls and to a lower floor.
You have a pair of large antennae on your head. (SInv)
Your four strong arms can wield two-handed weapons with a shield.
You occasionally lose the ability to read scrolls when taking damage.


Message History

You are engulfed in freezing vapours.
You resist.
The shard shrike spits a shard of ice at you.
You block the shard of ice.
The shard shrike claws you but does no damage.
The shard shrike completely misses you. The shard shrike closely misses you.
Unknown command.
Unknown command.
You closely miss the shard shrike.
The shard shrike is moderately wounded.
You slash the shard shrike!
You carve the shard shrike like a ham!!!
You hear a screech!
You block the shard shrike's attack.
The shard shrike claws you but does no damage. x2
You block the shard shrike's attack. x2
A torrent of water rises up through the elemental wellspring!
The torrent of water hits you but does no damage.
You shrug off the wave.
You are knocked back by the torrent of water.
You collide with the shard shrike!
The shard shrike is heavily wounded.
The wave splashes down.
The shard shrike spits a shard of ice at you.
The shard of ice hits you. You partially resist.
* * * LOW HITPOINT WARNING * * *
The Ice Fiend calls on the powers of darkness!
Your body is wracked with pain!
* * * LOW HITPOINT WARNING * * *
The shard shrike convulses! x3; You block the shard shrike's attack.
Unknown command.
You slash the shard shrike!
The shard shrike is almost dead.
You slash the shard shrike!
You kill the shard shrike!
You slash the shard shrike! You hit the shard shrike.
The shard shrike claws you but does no damage.
You block the shard shrike's attack.
The shard shrike spits a shard of ice at you.
The shard of ice hits you! You partially resist.
You die...

###### ≈≈≈≈≈ .≈≈≈
≈ ≈≈≈ .~E# .≈
≈≈≈≈ 1~~#..#
≈≈≈.####.......
≈.....b~~......
≈.....†@~..###
≈≈..≈≈bb##...####
≈..≈≈≈≈1........
≈...≈≈≈≈#. #...#
≈≈..≈≈≈~####...#
≈≈.≈≈≈..~~..{∩.#
≈≈≈≈≈≈≈.~~...###
≈≈.≈≈≈≈≈#.b{.1...
≈≈≈.≈≈≈≈≈........


You could see 3 shard shrikes, 2 Ice Fiends and an elemental wellspring.

Vanquished Creatures
  Cerebov (Pan)
  the Royal Jelly (Slime:5)
  Asmodeus (Geh:7)
  Ereshkigal (Tar:7)
  Ignacio (Pan)
  Mnoleg (Pan)
  5 dread liches
  7 orbs of fire
  2 ancient liches
  Mara (Depths:2)
  A juggernaut (Depths:3)
  Mennas (Vaults:3)
  Sojobo (Crypt:2)
  Josephina (Crypt:2)
  3 royal mummies (Crypt:2)
  The ghost of Nuh Ema the Eclecticist, a veteran HuVM of Jiyva (Crypt:1)
  Vv (Depths:3)
  Bai Suzhen (Vaults:4)
  Xtahua (Crypt:1)
  4 shard shrikes
  4 curse toes
  7 Killer Klowns
  2 pandemonium lords (Pan)
  Saint Roka (Depths:2)
  Nikola (D:13)
  A caustic shrike (Depths:3)
  Geryon (Hell)
  14 golden dragons
  24 bone dragons
  Jory (Vaults:3)
  11 doom hounds
  5 profane servitors
  16 Tzitzimimeh
  4 electric golems
  6 Brimstone Fiends
  8 hellephants
  2 spectral shard shrikes (Tar:6)
  Zenata (Vaults:1)
  16 tentacled monstrosities
  Rupert (Lair:5)
  A shard shrike zombie (Crypt:1)
  10 tainted leviathans
  A walking crystal tome (Depths:3)
  3 Ice Fiends (Coc:4)
  2 Hell Sentinels
  Mlioglotl (Swamp:1)
  Jorgrun (D:12)
  6 liches
  The ghost of Titucsi the Tortoise, an adept GrFi of Makhleb (Crypt:1)
  A walking earthen tome (Depths:4)
  25 Orb Guardians (Zot:5)
  15 searing wretches
  11 acid blobs
  16 titans
  4 deep elf master archers
  5 deep elf blademasters
  4 Executioners
  2 walking divine tomes (Depths:3)
  Murray (Hell)
  6 quicksilver dragons
  8 death cobs
  Frances (Swamp:2)
  12 tentacled starspawn
  3 ancient champions
  2 thorn hunters (Swamp:4)
  3 sphinxes
  19 storm dragons
  9 tengu reavers
  13 shadow dragons
  3 revenants
  3 draconian knights
  2 demonspawn warmongers (Pan)
  The ghost of Ofeolo the Thrower, an adept VSHs of Trog (Spider:3)
  8 rockslimes
  27 fire giants
  12 azure jellies
  6 draconian monks
  An iron dragon (Vaults:5)
  Roxanne (Elf:2)
  A fenstrider witch (Swamp:3)
  A spectral juggernaut (Tar:6)
  6 narguns
  22 frost giants
  5 emperor scorpions
  11 ghost moths
  8 draconian scorchers
  27 balrugs
  A curse skull (Crypt:1)
  6 deep elf sorcerers
  A spectral caustic shrike (Tar:3)
  Louise (Spider:1)
  Aizul (Swamp:3)
  A ghost moth (shapeshifter) (Vaults:4)
  15 cacodemons (Pan)
  7 draconian stormcallers
  7 deep elf elementalists (Elf:3)
  5 draconian shifters
  25 vault wardens
  A shard shrike simulacrum (Coc:3)
  3 demonspawn corrupters (Pan)
  5 ghouls
  A demonspawn blood saint (Pan)
  7 war gargoyles
  4 spriggan defenders
  47 very ugly things
  28 stone giants
  5 broodmothers
  15 reapers
  An ophan (Abyss:5)
  2 quicksilver oozes
  3 starflowers (Abyss:5)
  15 ironbound preservers
  4 draconian annihilators
  8 elemental wellsprings
  6 ironbound thunderhulks
  5 demonspawn black suns (Pan)
  13 vampire knights
  9 deep elf demonologists
  40 starcursed masses
  14 putrid mouths
  3 eleionomae
  6 wendigos
  9 black draconians
  3 lorocyprocas
  10 white draconians
  The ghost of funkygono the Thaumaturge, a journeyman DsFE of Vehumet (Lair:4)
  4 dire elephants (Vaults:4)
  9 purple draconians
  A minotaur (Gauntlet)
  7 bunyips
  11 green draconians
  17 red draconians
  12 yellow draconians
  12 deep elf annihilators
  9 deep elf death magi
  A crystal guardian (Hell)
  2 spark wasps
  3 blizzard demons
  15 ettins
  Snorg (Lair:5)
  3 green deaths
  2 statues (D:13)
  8 eidola
  27 jiangshi
  An iron golem (Lair:5)
  A spectral iron giant (Tar:6)
  A spectral quicksilver dragon (Tar:2)
  14 yaktaur captains
  7 fire dragons
  A spectral spriggan (Tar:1)
  6 deep elf high priests
  2 mummy priests (Crypt:2)
  3 shambling mangroves (Swamp:4)
  3 entropy weavers
  4 caustic shrike simulacra
  5 rakshasas
  7 great orbs of eyes
  40 vault guards
  20 hydras
  3 radroaches
  4 ogre magi
  A bennu zombie (Crypt:1)
  A ghost crab (Swamp:4)
  5 ice dragons
  5 spriggan air magi
  3 juggernaut simulacra
  2 peacekeepers (Vaults:3)
  12 salamander tyrants
  3 demonspawn (Orc:2)
  An Orb Guardian zombie (Crypt:1)
  A jorogumo (Spider:4)
  5 stokers
  A catoblepas (D:14)
  5 death knights
  15 centaur warriors
  15 alligators
  6 ironbound frosthearts
  7 two-headed ogres
  9 boulder beetles
  4 tengu warriors
  8 death yaks
  4 deep troll shamans
  8 vampire magi
  6 orc high priests
  24 thrashing horrors
  30 dancing weapons
  50 sun demons
  8 deep troll earth magi
  38 hell hogs
  27 deep elf knights
  15 hell knights
  4 spriggan berserkers
  A spectral storm dragon (Tar:1)
  20 soul eaters
  A spectral naga (Tar:3)
  20 spriggans
  A titan skeleton (Vaults:5)
  A crystal echidna (Lair:5)
  A salamander mystic (Volcano)
  9 wretched stars
  4 spatial maelstroms (Abyss:5)
  16 sixfirhies
  A goliath frog (shapeshifter) (Depths:2)
  6 goliath frogs
  9 pharaoh ants
  A spectral bunyip (Crypt:3)
  An anaconda zombie (Hell)
  5 shadow wraiths
  65 deep trolls
  28 skeletal warriors
  2 sun moths (Spider:3)
  A spectral anaconda (Crypt:3)
  3 quicksilver dragon simulacra
  6 iron trolls
  8 steelbarb worms
  3 spriggan simulacra
  A steelbarb worm (shapeshifter) (Depths:3)
  15 orb spiders
  An orb spider (shapeshifter) (Elf:1)
  5 orange crystal statues
  3 spectral hydras
  A shadow demon (Pan)
  11 swamp dragons
  12 bog bodies
  5 spriggan druids
  A spectral iron dragon (Tar:7)
  8 flayed ghosts
  13 wizards
  5 harpies (Vaults:1)
  5 glowing orange brains
  6 lindwurms
  8 phantasmal warriors
  A bunyip skeleton (Hell)
  An iron giant skeleton (Crypt:1)
  7 orc knights
  18 deep elf archers
  38 deep elf zephyrmancers
  13 ironbound convokers
  43 deep elf pyromancers
  10 necromancers
  Pikel (D:8)
  A spectral ettin (Tar:5)
  10 orc sorcerers
  5 shining eyes
  21 wolf spiders
  A manticore (Lair:4)
  5 will-o-the-wisps
  2 stone giant skeletons
  A shining eye (shapeshifter) (Depths:3)
  3 oklob plants (Swamp:4)
  10 cyclopes
  50 ugly things
  6 salamanders
  38 large abominations
  34 moths of wrath
  26 elephants
  A spectral centaur (Tar:1)
  An elephant (shapeshifter) (D:15)
  3 titan simulacra
  3 rust devils
  8 torpor snails
  5 eyes of devastation
  20 vault sentinels
  A frost giant skeleton (Vaults:5)
  Maurice (D:12)
  3 ice statues
  6 black mambas
  A naga zombie (Hell)
  An alligator snapping turtle zombie (Hell)
  14 smoke demons
  A guardian serpent (Vaults:4)
  20 orange demons
  Maggie (D:7)
  3 molten gargoyles (Geh:7)
  3 gargoyles
  An unseen horror (shapeshifter) (D:14)
  11 hellions
  2 yaktaur zombies
  21 cane toads
  5 unseen horrors
  Psyche (D:10)
  5 kobold demonologists
  7 demonic crawlers
  12 rime drakes
  19 yaktaurs
  4 anaconda simulacra
  15 freezing wraiths
  11 ice devils
  A sea snake zombie (Hell)
  A red devil (Hell)
  16 tormentors
  3 efreet
  14 tengu conjurers
  6 hydra zombies
  3 hellwings
  17 komodo dragons
  A yaktaur skeleton (Vaults:1)
  9 ancient zymes
  2 sea snake skeletons (Hell)
  A meliai (shapeshifter) (Depths:4)
  5 trolls
  A queen bee (D:13)
  2 burning bushes (Lair:4)
  A tengu simulacrum (Vaults:1)
  2 death drake zombies (Swamp:4)
  8 meliai
  13 polar bears
  2 spectral harpies (Tar:3)
  A shadow dragon simulacrum (Crypt:2)
  19 hornets
  A bloated husk (Swamp:1)
  11 tyrant leeches
  An iron dragon simulacrum (Coc:1)
  17 raiju
  38 tarantellas
  4 hydra skeletons
  Grinder (D:3)
  Prince Ribbit (D:8)
  18 blink frogs
  A death drake skeleton (Swamp:4)
  91 slime creatures
  2 stone giant simulacra
  38 jumping spiders
  A spectral black mamba (Tar:2)
  60 flying skulls
  12 shadows
  4 dire elephant simulacra
  29 culicivoras
  4 centaur simulacra
  13 water elementals
  11 wyverns
  An ettin skeleton (Crypt:2)
  A naga simulacrum (Abyss:5)
  11 fire bats
  71 yaks
  A vampire (D:9)
  14 wraiths
  17 ynoxinuls
  2 air elementals
  2 fire elementals
  2 alligator snapping turtle simulacra
  10 chaos spawn
  A steam dragon (Lair:3)
  12 basilisks
  11 golden eyes
  49 redbacks
  23 neqoxecs
  7 vampire mosquitoes
  5 spatial vortices (Abyss:5)
  5 wargs
  10 harpy simulacra
  5 acid dragons
  A swamp worm (shapeshifter) (Vaults:4)
  22 swamp worms
  23 water moccasins
  16 hell hounds
  7 hydra simulacra
  2 sky beasts
  A black bear (shapeshifter) (Vaults:5)
  3 swamp drakes (Swamp:4)
  An ice beast (D:13)
  47 orc warriors
  A dream sheep zombie (Crypt:1)
  2 swamp dragon zombies (Swamp:4)
  39 wolves
  16 centaurs
  4 swamp dragon skeletons
  An orc skeleton (Vaults:1)
  2 phantoms (D:6)
  8 ogres
  31 small abominations
  3 kobold brigands
  2 elf zombies (Elf:1)
  11 bullfrogs
  8 necrophages
  5 water moccasin zombies (Ossuary)
  A wyvern skeleton (Crypt:1)
  8 earth elementals
  10 wights
  A cyclops skeleton (Crypt:2)
  28 killer bees
  A polar bear skeleton (Crypt:2)
  2 vampire bats (D:15)
  5 howler monkeys
  3 electric eels
  4 crimson imps (Depths:4)
  3 quasits
  24 orc priests
  5 hounds
  A jelly (D:5)
  A human skeleton (Crypt:2)
  9 iguanas
  A gnoll bouda (Temple)
  22 orc wizards
  15 hell rats
  An acid dragon skeleton (Crypt:2)
  2 mummies (Ossuary)
  A boggart simulacrum (D:13)
  6 adders
  7 gnolls
  8 river rats (D:5)
  2 white imps
  An ufetubus (Abyss:3)
  7 adder zombies (Ossuary)
  9 worms
  2 dart slugs
  100 orcs
  17 bats
  8 endoplasms
  A giant cockroach (D:3)
  12 goblins
  3 hobgoblins
  9 jackals
  14 quokkas
  11 ball pythons
  8 frilled lizards
  A frilled lizard zombie (Crypt:2)
  3 gnoll zombies (Ossuary)
  A goblin skeleton (Crypt:2)
  2 hobgoblin skeletons
  5 hobgoblin zombies (Ossuary)
  20 kobolds
  2 kobold zombies (Ossuary)
  2 orc zombies (Ossuary)
  17 rats
  A rat skeleton (Crypt:1)
  5 bushes
  4 creeping infernos
  40 fire vortices
  3 lurking horrors
  10 starspawn tentacles
3779 creatures vanquished.

Vanquished Creatures (others)
  A shard shrike (Coc:2)
  A tentacled monstrosity (Vaults:5)
  A tengu reaver (Vaults:5)
  3 fire giants
  A frost giant (Coc:3)
  A deep elf high priest (Elf:3)
  A salamander tyrant (Geh:7)
  2 juggernaut simulacra (Coc:4)
  A wretched star (Abyss:3)
  A spriggan simulacrum (Coc:1)
  A deep elf archer (Elf:1)
  3 deep elf zephyrmancers
  2 hellions
  2 tengu conjurers (D:13)
  A bloated husk (Swamp:1)
  A golden dragon simulacrum (Coc:4)
  A centaur simulacrum (Coc:2)
  An alligator snapping turtle simulacrum (Coc:1)
  2 dire elephant simulacra (Coc:3)
  A redback (Spider:4)
  2 harpy simulacra
  An orc warrior (Vaults:5)
  A human (D:8)
  A swamp dragon simulacrum (Coc:1)
  A jackal (D:15)
  7 creeping infernos
  2 demonic plants (Abyss:5)
  2 fire vortices
  14 foxfires
  18 fungi
  5 lurking horrors
  116 plants
  13 starspawn tentacles
  4 withered plants (Crypt:1)
215 creatures vanquished.

Grand Total: 3994 creatures vanquished

Notes
Turn   | Place    | Note
-------+----------+-------------------------------------------
     0 | D:1      | mopl the Formicid Warper began the quest for the Orb.
     0 | D:1      | Reached XP level 1. HP: 16/16 MP: 3/3
   230 | D:1      | Reached XP level 2. HP: 22/22 MP: 5/5
   342 | D:1      | Reached skill level 3 in Axes
   451 | D:1      | Reached XP level 3. HP: 27/27 MP: 6/6
  1020 | D:2      | Noticed an ogre
  1241 | D:2      | Reached skill level 4 in Axes
  1241 | D:2      | Reached XP level 4. HP: 33/33 MP: 7/7
  1570 | D:2      | Killed an ogre
  1571 | D:2      | Reached skill level 5 in Axes
  1571 | D:2      | Reached XP level 5. HP: 38/38 MP: 8/8
  1643 | D:2      | Identified the +3 leather armour of the Sunfish {-Tele
                  | rElec rCorr Dex+2}
  1838 | D:3      | Found an iron altar of Okawaru.
  1855 | D:3      | Became a worshipper of Warmaster Okawaru
  1864 | D:3      | Noticed Grinder
  1867 | D:3      | Killed Grinder
  1867 | D:3      | Reached * piety under Okawaru
  1868 | D:3      | Reached skill level 6 in Axes
  1868 | D:3      | Reached XP level 6. HP: 29/44 MP: 9/9
  1989 | D:3      | Found a burning altar of Makhleb.
  2157 | D:3      | Found Ellupnufre's Weapon Shoppe.
  2238 | D:3      | Found Getuc's Antique Weapon Emporium.
  2264 | D:3      | Reached XP level 7. HP: 37/50 MP: 10/10
  2546 | D:4      | Learned a level 4 spell: Manifold Assault
  2549 | D:4      | Found a shadowy altar of Dithmenos.
  2860 | D:5      | Entered Level 5 of the Dungeon
  2912 | D:5      | Reached skill level 7 in Axes
  2912 | D:5      | Reached skill level 1 in Invocations
  3298 | D:5      | Found a staircase to the Ecumenical Temple.
  3321 | Temple   | Entered the Ecumenical Temple
  3438 | Temple   | Reached skill level 2 in Invocations
  3958 | D:5      | Reached skill level 3 in Invocations
  3965 | D:5      | Reached skill level 8 in Axes
  3965 | D:5      | Reached XP level 8. HP: 42/56 MP: 11/11
  4084 | D:5      | Reached ** piety under Okawaru
  4315 | D:6      | Reached skill level 4 in Invocations
  4362 | D:6      | Found a sand-covered staircase.
  4370 | Ossuary  | Entered an ossuary
  4399 | Ossuary  | Reached skill level 9 in Axes
  4454 | Ossuary  | Reached skill level 5 in Invocations
  4543 | Ossuary  | Reached XP level 9. HP: 49/61 MP: 12/12
  4633 | D:6      | Found an ornate altar of the Wu Jian Council.
  4663 | D:6      | Found a blossoming altar of Fedhas.
  4703 | D:6      | Found an opulent altar of Gozag.
  5010 | D:6      | Found Loer's Tremendous Tomes.
  5470 | D:7      | Reached skill level 2 in Armour
  5587 | D:7      | Reached skill level 10 in Axes
  5591 | D:7      | Reached skill level 3 in Fighting
  5591 | D:7      | Reached skill level 6 in Invocations
  5983 | D:7      | Identified the +2 robe of Whack-A-Mole {Dex+4}
  6166 | D:7      | Reached *** piety under Okawaru
  6167 | D:7      | Reached skill level 3 in Armour
  6307 | D:8      | Identified the amulet of the Meadowlark {rPois Regen+
                  | Str+4}
  6369 | D:8      | Identified the +8 flail of Herieb {vorpal, Str+4}
  6424 | D:8      | Noticed Maggie
  6425 | D:8      | Reached skill level 4 in Fighting
  6429 | D:8      | Reached skill level 2 in Throwing
  6429 | D:8      | Reached XP level 10. HP: 48/72 MP: 13/15
  6429 | D:8      | Noticed Prince Ribbit
  6440 | D:7      | Killed Maggie
  6441 | D:7      | Reached skill level 4 in Armour
  6441 | D:7      | Reached skill level 7 in Invocations
  6558 | D:7      | Reached skill level 11 in Axes
  6562 | D:8      | Noticed Pikel
  6730 | D:8      | Killed Pikel
  6731 | D:8      | Reached skill level 5 in Fighting
  6731 | D:8      | Reached skill level 3 in Throwing
  6740 | D:8      | Killed Prince Ribbit
  6740 | D:8      | Reached **** piety under Okawaru
  6885 | D:8      | Found an ancient bone altar of Kikubaaqudgha.
  7062 | D:8      | Found a broken altar of Ashenzari.
  7378 | D:9      | Reached skill level 5 in Armour
  7379 | D:9      | Noticed a cyclops
  7408 | D:8      | Killed a cyclops
  7431 | D:9      | Reached skill level 8 in Invocations
  7431 | D:9      | Reached XP level 11. HP: 74/81 MP: 15/17
  7456 | D:9      | Reached skill level 4 in Throwing
  7471 | D:9      | Found a staircase to the Orcish Mines.
  7492 | D:9      | Found a staircase to the Lair.
  7536 | D:9      | Reached skill level 12 in Axes
  7538 | D:9      | Reached skill level 6 in Fighting
  7824 | D:9      | Identified the +7 long sword of Gomer {chaos, *Rage rF+
                  | rC++ Dex+2}
  7865 | D:9      | Found a white marble altar of Elyvilon.
  7972 | D:10     | Entered Level 10 of the Dungeon
  7995 | D:10     | Noticed Psyche
  8009 | D:10     | Killed Psyche
  8009 | D:10     | Reached ***** piety under Okawaru
  8010 | D:10     | Reached skill level 6 in Armour
  8154 | D:10     | Reached skill level 5 in Throwing
  8230 | D:10     | Received a gift from Okawaru
  8393 | D:11     | Noticed a two-headed ogre
  8400 | D:11     | Killed a two-headed ogre
  8401 | D:11     | Reached skill level 7 in Fighting
  8422 | D:11     | Noticed a brown ugly thing
  8435 | D:11     | Killed a brown ugly thing
  8457 | D:11     | Reached skill level 13 in Axes
  8598 | D:11     | Found a frozen archway.
  8604 | D:11     | Reached skill level 7 in Armour
  8606 | D:11     | Reached XP level 12. HP: 82/91 MP: 18/18
  8613 | IceCv    | Entered an ice cave
  8644 | IceCv    | Reached skill level 6 in Throwing
  8821 | IceCv    | Received a gift from Okawaru
  8822 | IceCv    | Reached skill level 8 in Fighting
  8889 | IceCv    | Received a gift from Okawaru
  8937 | IceCv    | Reached skill level 8 in Armour
  8957 | IceCv    | Noticed a death yak
  8975 | IceCv    | Killed a death yak
  8976 | IceCv    | Reached skill level 14 in Axes
  9026 | IceCv    | Noticed a death yak
  9026 | IceCv    | Noticed a death yak
  9026 | IceCv    | Noticed a frost giant
  9027 | IceCv    | Noticed a death yak
  9052 | IceCv    | Killed a death yak
  9052 | IceCv    | Reached ****** piety under Okawaru
  9053 | IceCv    | Reached skill level 7 in Throwing
  9061 | IceCv    | Killed a death yak
  9061 | IceCv    | Received a gift from Okawaru
  9077 | IceCv    | Noticed a death yak
  9098 | IceCv    | Killed a frost giant
  9099 | IceCv    | Reached XP level 13. HP: 48/100 MP: 19/19
  9108 | IceCv    | Received a gift from Okawaru
  9109 | IceCv    | Reached skill level 9 in Fighting
  9252 | D:11     | Found the +4 robe of Augmentation {Str+4 Int+4 Dex+4}
  9447 | D:11     | Received a gift from Okawaru
  9448 | D:11     | Reached skill level 9 in Armour
  9880 | Lair:1   | Entered Level 1 of the Lair of Beasts
  9889 | Lair:1   | Received a gift from Okawaru
  9971 | Lair:1   | Reached skill level 15 in Axes
 10012 | Lair:1   | Reached skill level 8 in Throwing
 10345 | Lair:2   | Found a dark tunnel.
 10363 | Volcano  | Entered a volcano
 10385 | Volcano  | Received a gift from Okawaru
 10416 | Volcano  | Reached skill level 10 in Fighting
 10466 | Volcano  | Received a gift from Okawaru
 10602 | Lair:2   | Identified the +4 tower shield of Vair {Fly rElec Str+4
                  | Int+2} (Okawaru gifted it to you on level 2 of the Lair of
                  | Beasts)
 10602 | Lair:2   | Received a gift from Okawaru
 10608 | Lair:2   | Reached skill level 10 in Armour
 10627 | Lair:2   | Reached XP level 14. HP: 72/110 MP: 20/20
 10655 | Lair:2   | Identified the +1 cloak "Sajosi" {rElec rN++}
 10670 | Lair:2   | Found a gate leading to a gauntlet.
 10688 | Gauntlet | Entered a Gauntlet
 10688 | Gauntlet | Found a transporter.
 10702 | Gauntlet | Found a transporter.
 10704 | Gauntlet | Found a transporter.
 10704 | Gauntlet | Found a transporter.
 10707 | Gauntlet | Found a transporter.
 10708 | Gauntlet | Found a transporter.
 10716 | Gauntlet | Found a transporter.
 10716 | Gauntlet | Noticed a quicksilver ooze
 10718 | Gauntlet | Found a transporter.
 10820 | Gauntlet | Reached skill level 9 in Throwing
 10820 | Gauntlet | Reached skill level 2 in Dodging
 10820 | Gauntlet | Reached skill level 1 in Shields
 10828 | Gauntlet | Reached skill level 16 in Axes
 10839 | Gauntlet | Identified the ring of Naschara {Fire +Blink Dex+5 Slay+3}
 10852 | Gauntlet | Noticed a minotaur
 10867 | Gauntlet | Killed a minotaur
 10932 | Lair:2   | Reached skill level 2 in Shields
 11562 | Orc:1    | Entered Level 1 of the Orcish Mines
 11830 | Orc:1    | Reached skill level 3 in Shields
 11830 | Orc:1    | Reached skill level 1 in Evocations
 12027 | Orc:2    | Entered Level 2 of the Orcish Mines
 12166 | Orc:2    | Found Kaojued's Jewellery Emporium.
 12267 | Orc:1    | Received a gift from Okawaru
 12428 | Orc:2    | Reached skill level 3 in Dodging
 12436 | Orc:2    | Found Dodghett's Assorted Antiques.
 12444 | Orc:2    | Bought a scroll labelled ONOANU SAQIUW for 27 gold pieces
 12444 | Orc:2    | Bought a scroll labelled PIMOUK GUENTUO for 27 gold pieces
 12444 | Orc:2    | Bought a scroll labelled PIMOUK GUENTUO for 27 gold pieces
 12535 | Orc:2    | Found Ixoth's General Store.
 12540 | Orc:2    | Found Vaonu's General Store.
 12596 | Orc:2    | Received a gift from Okawaru
 12605 | Orc:2    | Bought a scroll of teleportation for 39 gold pieces
 12605 | Orc:2    | Bought a scroll of identify for 26 gold pieces
 12608 | Orc:2    | Bought a scroll of blinking for 120 gold pieces
 12608 | Orc:2    | Bought a potion of heal wounds for 80 gold pieces
 12608 | Orc:2    | Bought a scroll of enchant armour for 120 gold pieces
 12657 | Orc:2    | Found a staircase to the Elven Halls.
 12691 | Orc:2    | Found Oziff's Distillery.
 12708 | Orc:2    | Bought a potion of flight for 33 gold pieces
 12708 | Orc:2    | Bought a potion of heal wounds for 55 gold pieces
 12708 | Orc:2    | Bought a potion of heal wounds for 55 gold pieces
 12708 | Orc:2    | Bought a potion of curing for 33 gold pieces
 12708 | Orc:2    | Bought a potion of curing for 33 gold pieces
 12708 | Orc:2    | Bought a potion of might for 44 gold pieces
 12708 | Orc:2    | Bought a potion of cancellation for 88 gold pieces
 12824 | Orc:2    | Reached skill level 2 in Evocations
 12853 | Orc:2    | Reached skill level 4 in Shields
 12868 | Orc:2    | Reached skill level 11 in Fighting
 13288 | Orc:2    | Reached XP level 15. HP: 102/118 MP: 21/21
 13341 | Orc:2    | Received a gift from Okawaru
 13342 | Orc:2    | Reached skill level 11 in Armour
 13342 | Orc:2    | Reached skill level 3 in Evocations
 13356 | Orc:2    | Found Ehiwn's Antique Weapon Emporium.
 13356 | Orc:2    | Found Losmeff's Jewellery Shoppe.
 13357 | Orc:2    | Found a one-way gate leading to the halls of Pandemonium.
 13607 | Lair:3   | Reached skill level 4 in Dodging
 13693 | Lair:3   | Reached skill level 5 in Shields
 13694 | Lair:3   | Received a gift from Okawaru
 13877 | Lair:3   | Found a hole to the Spider Nest.
 14025 | Lair:3   | Found a staircase to the Swamp.
 14028 | Lair:3   | Reached skill level 17 in Axes
 14091 | Lair:3   | Identified the +7 trident "Kienubei" {freeze, Str+2}
 14117 | Lair:3   | Reached skill level 10 in Throwing
 14117 | Lair:3   | Reached skill level 4 in Evocations
 14312 | Lair:4   | Received a gift from Okawaru
 14402 | Lair:4   | Reached skill level 6 in Shields
 14450 | Lair:4   | Noticed funkygono's ghost (journeyman DsFE)
 14465 | Lair:4   | Found a runed translucent gate.
 14465 | Lair:4   | Found a runed translucent gate.
 14465 | Lair:4   | Found a runed translucent gate.
 14490 | Lair:4   | Killed funkygono's ghost
 15200 | Lair:5   | Entered Level 5 of the Lair of Beasts
 15214 | Lair:5   | Reached skill level 7 in Shields
 15214 | Lair:5   | Noticed Rupert
 15229 | Lair:5   | Killed Rupert
 15229 | Lair:5   | Received a gift from Okawaru
 15230 | Lair:5   | Reached skill level 5 in Dodging
 15230 | Lair:5   | Reached skill level 5 in Evocations
 15279 | Lair:5   | Reached XP level 16. HP: 127/127 MP: 22/22
 15431 | Lair:5   | Identified a scroll of acquirement
 15432 | Lair:5   | Acquired the +1 pair of boots of Defiance {Rampage rCorr
                  | Str+2}
 15477 | Lair:5   | Noticed Snorg
 15487 | Lair:5   | Killed Snorg
 15488 | Lair:5   | Reached skill level 8 in Shields
 15500 | Lair:5   | Reached skill level 12 in Fighting
 15524 | Lair:5   | Noticed an acid blob
 15525 | Lair:5   | Found a runed translucent door.
 15529 | Lair:5   | Found a staircase to the Slime Pits.
 15529 | Lair:5   | Noticed an acid blob
 15576 | Lair:5   | Reached skill level 12 in Armour
 15857 | Lair:5   | Received a gift from Okawaru
 15857 | Lair:5   | Found the +3 pair of seven-league boots {Rampage+∞}
 15859 | Lair:5   | Reached skill level 9 in Shields
 16036 | Lair:5   | Reached skill level 6 in Evocations
 16078 | Lair:5   | Found a burning altar of Makhleb.
 16117 | Lair:5   | Found a gateway to Hell.
 16124 | Lair:5   | Identified the +9 dagger of Koepal {antimagic, rN+ Int+2}
 16827 | D:12     | Noticed Jorgrun
 16834 | D:12     | Killed Jorgrun
 16843 | D:12     | Reached skill level 18 in Axes
 16858 | D:12     | Found a runed translucent gate.
 16858 | D:12     | Found a runed translucent gate.
 16858 | D:12     | Noticed an azure jelly
 16859 | D:12     | Found a runed translucent gate.
 16859 | D:12     | Noticed an acid blob
 16859 | D:12     | Noticed an acid blob
 16859 | D:12     | Noticed gabibbone's ghost (journeyman TrFi)
 16859 | D:12     | Noticed an azure jelly
 16859 | D:12     | Noticed an acid blob
 16859 | D:12     | Noticed an acid blob
 16859 | D:12     | Noticed an acid blob
 16860 | D:12     | Noticed an acid blob
 16967 | D:12     | You are sucked into a shaft and drop 1 floor!
 16977 | D:13     | Reached skill level 6 in Dodging
 17018 | D:13     | Found a radiant altar of Vehumet.
 17018 | D:13     | Noticed Nikola
 17042 | D:13     | Killed Nikola
 17043 | D:13     | Reached skill level 11 in Throwing
 17047 | D:13     | Reached skill level 10 in Shields
 17135 | D:13     | Identified the +3 sling of Red Wine {vorpal, rN+ Int+4
                  | Stlth-}
 17136 | D:13     | Identified the +3 scale mail "Liadetakh" {Fly Int-4 Dex+3
                  | SInv}
 17198 | D:13     | Reached XP level 17. HP: 135/135 MP: 23/23
 17420 | D:13     | Identified the -2 tower shield "Osiskipt" {Regen+ Dex+3
                  | Stlth-} (Okawaru gifted it to you on level 13 of the
                  | Dungeon)
 17420 | D:13     | Received a gift from Okawaru
 17561 | D:13     | Reached skill level 7 in Evocations
 17563 | D:13     | Reached skill level 11 in Shields
 17977 | D:12     | Noticed Maurice
 17978 | D:12     | Identified the ring "Uplaydock" {Fly rN+ rCorr Int-4
                  | Stlth+}
 17983 | D:12     | Killed Maurice
 17984 | D:12     | Found a transporter.
 17984 | D:12     | Found a transporter.
 18279 | D:12     | Found the +3 crown of Dyrovepreva {rElec Int+2 SInv}
 18362 | D:12     | Found a viscous altar of Jiyva.
 18858 | D:14     | Found a gate to the Vaults.
 18867 | D:14     | Reached skill level 12 in Shields
 18882 | D:14     | Identified the +0 pair of boots of Ycsabboi {rPois}
                  | (Okawaru gifted it to you on level 14 of the Dungeon)
 18882 | D:14     | Received a gift from Okawaru
 18883 | D:14     | Reached skill level 7 in Dodging
 18884 | D:14     | Reached skill level 13 in Fighting
 19054 | D:14     | Reached skill level 13 in Armour
 19096 | D:14     | Got the Monograph on Glaciation and Striking
 19106 | D:14     | Found a shimmering blue altar of Sif Muna.
 19106 | D:14     | Identified the +6 quarterstaff of Arbitration {flame, rF+}
 19170 | D:14     | Got the Enchiridion on Curses and Snow
 19185 | D:14     | Got the Excursus on the Poisonous Summer
 19187 | D:14     | Got the Volume of Red-Hot Generation
 19324 | D:14     | Reached XP level 18. HP: 143/143 MP: 24/24
 19420 | D:14     | Reached skill level 8 in Evocations
 19522 | D:15     | Entered Level 15 of the Dungeon
 19737 | D:15     | Found a staircase to the Depths.
 19747 | D:15     | Reached skill level 19 in Axes
 19747 | D:15     | Reached skill level 13 in Shields
 20099 | D:15     | Reached skill level 12 in Throwing
 20494 | Spider:1 | Entered Level 1 of the Spider Nest
 20494 | Spider:1 | Noticed Louise
 20518 | Spider:1 | Killed Louise
 20532 | Spider:1 | Identified the +6 demon blade of Lowenaid {flame, *Rage rN+
                  | rCorr Int+7} (Okawaru gifted it to you on level 1 of the
                  | Spider Nest)
 20532 | Spider:1 | Received a gift from Okawaru
 20875 | Spider:1 | Received a gift from Okawaru
 20875 | Spider:1 | Found the +6 Majin-Bo {vamp, MP+6 Int+6}
 20997 | Spider:1 | Reached skill level 14 in Shields
 21223 | Spider:1 | Reached skill level 8 in Dodging
 21763 | Spider:2 | Reached skill level 9 in Evocations
 21771 | Spider:2 | Received a gift from Okawaru
 21894 | Spider:2 | Reached XP level 19. HP: 151/151 MP: 25/25
 22450 | Spider:3 | Reached skill level 15 in Shields
 22701 | Spider:3 | Received a gift from Okawaru
 22713 | Spider:3 | Found a runed translucent gate.
 22729 | Spider:3 | Found a runed translucent gate.
 22729 | Spider:3 | Found a runed translucent gate.
 22730 | Spider:3 | Noticed Ofeolo's ghost (adept VSHs)
 22731 | Spider:3 | Found the +3 salamander hide armour {Flames rF++ rC--}
 23009 | Spider:3 | Reached skill level 14 in Fighting
 23427 | Spider:3 | Killed Ofeolo's ghost
 23448 | Spider:3 | Identified the +0 pair of gloves "Limap" {Rampage}
 23472 | Spider:4 | Entered Level 4 of the Spider Nest
 23500 | Spider:4 | Reached skill level 14 in Armour
 23658 | Spider:4 | Reached skill level 20 in Axes
 24330 | Spider:4 | Reached skill level 10 in Evocations
 24377 | Spider:4 | Received a gift from Okawaru
 24383 | Spider:4 | Reached skill level 13 in Throwing
 24443 | Spider:4 | Reached skill level 16 in Shields
 24493 | Spider:4 | Reached skill level 9 in Dodging
 24527 | Spider:4 | Got a gossamer rune of Zot
 25083 | Swamp:1  | Entered Level 1 of the Swamp
 25104 | Swamp:1  | Identified the +8 sling "Dragonbane" {freeze, rElec Dex+5}
 25130 | Swamp:1  | Identified the +0 pair of boots "Poucloh" {*Slow rElec rN+
                  | Regen+} (Okawaru gifted it to you on level 1 of the Swamp)
 25130 | Swamp:1  | Received a gift from Okawaru
 25139 | Swamp:1  | Reached XP level 20. HP: 143/160 MP: 26/26
 25579 | Swamp:2  | Noticed Mlioglotl
 25629 | Swamp:1  | Killed Mlioglotl
 25768 | Swamp:2  | Noticed Frances
 25780 | Swamp:2  | Killed Frances
 26143 | Swamp:3  | Noticed Aizul
 26156 | Swamp:3  | Killed Aizul
 26169 | Swamp:3  | Received a gift from Okawaru
 26535 | Swamp:4  | Entered Level 4 of the Swamp
 26604 | Swamp:4  | Reached skill level 17 in Shields
 26613 | Swamp:4  | Found a basalt altar of Yredelemnul.
 26620 | Swamp:4  | Received a gift from Okawaru
 26820 | Swamp:4  | Received a gift from Okawaru
 26976 | Swamp:4  | Reached skill level 15 in Fighting
 27042 | Swamp:4  | Reached skill level 11 in Evocations
 27042 | Swamp:4  | Reached XP level 21. HP: 168/168 MP: 27/27
 27052 | Swamp:4  | Found a basalt altar of Yredelemnul.
 27106 | Swamp:4  | Found a blossoming altar of Fedhas.
 27116 | Swamp:4  | Reached skill level 15 in Armour
 27125 | Swamp:4  | Received a gift from Okawaru
 27126 | Swamp:4  | Reached skill level 21 in Axes
 27171 | Swamp:4  | Got a decaying rune of Zot
 27571 | Lair:1   | Learned a level 1 spell: Apportation
 27702 | Elf:1    | Entered Level 1 of the Elven Halls
 27720 | Elf:1    | Identified the +8 scimitar "Kashrip" {venom, rCorr Dex+4
                  | SInv Stlth+}
 27961 | Elf:1    | Reached skill level 10 in Dodging
 27985 | Elf:1    | Got Konimoke's Compendium of Death
 28023 | Elf:1    | Reached skill level 3 in Translocations
 28195 | Elf:1    | Reached skill level 18 in Shields
 28197 | Elf:1    | Received a gift from Okawaru
 28568 | Elf:2    | Reached skill level 3 in Spellcasting
 28651 | Elf:2    | Identified Roxanne's Meditations on the Boulder
 28651 | Elf:2    | Noticed Roxanne
 28932 | Elf:2    | Found a runed translucent gate.
 28932 | Elf:2    | Found a runed translucent gate.
 28940 | Elf:2    | Found a runed translucent gate.
 29076 | Elf:2    | Received a gift from Okawaru
 29099 | Elf:2    | Reached skill level 14 in Throwing
 29345 | Elf:2    | Killed Roxanne
 29361 | Elf:3    | Entered Level 3 of the Elven Halls
 29576 | Elf:3    | Reached skill level 4 in Translocations
 29686 | Elf:3    | Identified the +2 pair of boots "Oxekk" {+Blink Regen+
                  | Str+6 Int-3}
 29803 | Elf:3    | Received a gift from Okawaru
 29821 | Elf:3    | Reached XP level 22. HP: 175/176 MP: 28/28
 29850 | Elf:3    | Received a gift from Okawaru
 29867 | Elf:3    | Identified the ring "Laupnev" {Drain rPois MP+9 Dex+8
                  | Stlth+}
 29870 | Elf:3    | Identified the +6 quarterstaff of Equilibrium {freeze,
                  | Int+4}
 29870 | Elf:3    | Identified the ring "Ycafaxusim" {rElec rPois rN++ EV+4
                  | Str-5}
 29877 | Elf:3    | Identified the +1 pair of gloves of Resonance {Str+3 SInv}
                  | (Okawaru gifted it to you on level 3 of the Elven Halls)
 29877 | Elf:3    | Received a gift from Okawaru
 29879 | Elf:3    | Identified the +6 falchion of Law {speed, rPois rN+}
 30043 | Elf:3    | Identified the +1 shortbow of the Harvest {flame, rPois
                  | Int-2 Dex+2}
 30282 | Elf:3    | Got the Folio of the Arenous Black Widow
 30350 | Elf:3    | Identified the +3 scale mail of Indomitability {Str+4 Dex-3
                  | Stlth+}
 30597 | Elf:3    | Reached skill level 12 in Evocations
 31020 | Lair:1   | Acquired 614 gold pieces
 31172 | Vaults:1 | Entered Level 1 of the Vaults
 31294 | Vaults:1 | Noticed Zenata
 31313 | Vaults:1 | Killed Zenata
 31347 | Vaults:1 | Reached skill level 5 in Translocations
 31601 | Vaults:1 | Received a gift from Okawaru
 31636 | Vaults:1 | Reached skill level 19 in Shields
 32400 | Vaults:2 | Reached skill level 22 in Axes
 32436 | Vaults:2 | Reached skill level 11 in Dodging
 32497 | Vaults:2 | Reached skill level 16 in Fighting
 32500 | Vaults:2 | Reached skill level 16 in Armour
 32559 | Vaults:2 | Learned a level 3 spell: Lesser Beckoning
 32563 | Vaults:2 | Learned a level 3 spell: Portal Projectile
 32568 | Vaults:2 | Learned a level 4 spell: Passage of Golubria
 32572 | Vaults:2 | Learned a level 3 spell: Teleport Other
 32619 | Vaults:2 | Reached XP level 23. HP: 184/184 MP: 29/29
 32846 | Vaults:2 | Found Mevif's Book Boutique.
 32854 | Vaults:2 | Bought a There-And-Back Book for 540 gold pieces
 32861 | Vaults:2 | Learned a level 6 spell: Dispersal
 32865 | Vaults:2 | Learned a level 3 spell: Gell's Gravitas
 33046 | Vaults:2 | Found a portal to a secret trove of treasure.
 33374 | Vaults:3 | Noticed Mennas
 33390 | Vaults:3 | Received a gift from Okawaru
 33400 | Vaults:3 | Killed Mennas
 33403 | Vaults:3 | Received a gift from Okawaru
 33407 | Vaults:3 | Reached skill level 6 in Translocations
 33666 | Vaults:3 | Noticed Jory
 33690 | Vaults:3 | Killed Jory
 33698 | Vaults:3 | Received a gift from Okawaru
 33997 | Vaults:3 | Found a staircase to the Crypt.
 33997 | Vaults:3 | Found a basalt altar of Yredelemnul.
 33998 | Vaults:3 | Found an ancient bone altar of Kikubaaqudgha.
 34120 | Vaults:3 | Received a gift from Okawaru
 34349 | Vaults:3 | Reached skill level 4 in Spellcasting
 34533 | Vaults:4 | Noticed Bai Suzhen
 34556 | Vaults:4 | Killed Bai Suzhen
 34651 | Vaults:4 | Reached skill level 15 in Throwing
 34806 | Vaults:4 | Reached skill level 13 in Evocations
 34888 | Vaults:4 | Received a gift from Okawaru
 34984 | Vaults:4 | Received a gift from Okawaru
 34984 | Vaults:4 | Identified the ring "Jiqaunad" {Drain Will+ AC+4 Str+6
                  | Int-4}
 35000 | Vaults:4 | Reached XP level 24. HP: 193/193 MP: 1/29
 35004 | Vaults:4 | Received a gift from Okawaru
 35188 | Vaults:4 | Got the Almanac of Transformation and the Wind
 35575 | Vaults:4 | Reached skill level 5 in Spellcasting
 35576 | Vaults:4 | Received a gift from Okawaru
 35649 | Vaults:5 | Entered Level 5 of the Vaults
 35678 | Vaults:4 | Reached skill level 7 in Translocations
 35694 | Vaults:4 | Received a gift from Okawaru
 35711 | Vaults:4 | Received a gift from Okawaru
 35712 | Vaults:4 | Reached skill level 20 in Shields
 35749 | Vaults:5 | Received a gift from Okawaru
 35755 | Vaults:5 | Reached skill level 12 in Dodging
 35755 | Vaults:5 | Noticed a dread lich
 35758 | Vaults:5 | Noticed a golden dragon
 35772 | Vaults:5 | Reached skill level 23 in Axes
 35782 | Vaults:5 | Killed a dread lich
 35787 | Vaults:5 | Killed a golden dragon
 35806 | Vaults:5 | Reached skill level 17 in Armour
 35810 | Vaults:5 | Reached skill level 17 in Fighting
 35852 | Vaults:5 | Received a gift from Okawaru
 35859 | Vaults:5 | Identified the +7 dire flail of Crusades {freeze, rF- rN++
                  | MP+9 Str+2}
 35865 | Vaults:5 | Reached XP level 25. HP: 199/201 MP: 24/30
 35900 | Vaults:5 | Received a gift from Okawaru
 35909 | Vaults:5 | Identified the +5 glaive "Goblinslayer" {vorpal, rC+ Str+6}
 35910 | Vaults:5 | Reached skill level 14 in Evocations
 35918 | Vaults:5 | Identified the +1 robe of Unreason {+Inv rC+ Archmagi}
                  | (Okawaru gifted it to you on level 5 of the Vaults)
 35918 | Vaults:5 | Received a gift from Okawaru
 35922 | Vaults:5 | Reached skill level 8 in Translocations
 36095 | Vaults:5 | Found Jonodora's Book Boutique.
 36252 | Vaults:5 | Got a silver rune of Zot
 36255 | Vaults:5 | Identified the +1 scale mail "Zesoongo" {rPois}
 36433 | Vaults:5 | Identified the +6 spear of Vejair {antimagic, *Corrode rF++
                  | rN+ Will-}
 36493 | Vaults:5 | Found Gome's Magic Scroll Emporium.
 36501 | Vaults:5 | Bought a scroll of poison for 56 gold pieces
 36501 | Vaults:5 | Bought a scroll of fog for 56 gold pieces
 36501 | Vaults:5 | Bought a scroll of magic mapping for 105 gold pieces
 36504 | Vaults:5 | Identified the +9 dagger "Omaitalell" {vorpal, Fly rN+
                  | MP-9}
 36507 | Vaults:5 | Identified the +0 tower shield of Fuur {rC+}
 37272 | Slime:1  | Entered Level 1 of the Pits of Slime
 37413 | Slime:4  | Gained mutation: You are weak. (Str -2) [a shining eye]
 37443 | Slime:5  | Entered Level 5 of the Pits of Slime
 37544 | Slime:5  | Gained mutation: You occasionally lose the ability to drink
                  | potions when taking damage. [a shining eye]
 37545 | Slime:5  | Found a viscous altar of Jiyva.
 37546 | Slime:5  | Noticed the Royal Jelly
 37554 | Slime:5  | Killed the Royal Jelly
 37554 | Slime:5  | Received a gift from Okawaru
 37560 | Slime:5  | Reached skill level 16 in Throwing
 37573 | Slime:5  | Identified the +6 broad axe "Daf Moxkori" {flame, *Slow
                  | rElec Will- Int+7 Stlth+} (Okawaru gifted it to you on
                  | level 5 of the Pits of Slime)
 37573 | Slime:5  | Received a gift from Okawaru
 37663 | Slime:5  | Identified the ring of Qaeneir {AC+4 Str+2}
 37672 | Slime:5  | Identified the amulet "Ation Irouf" {Spirit rCorr}
 37708 | Slime:5  | Identified the ring "Sarely" {Will++ MP+9}
 37714 | Slime:5  | Got a slimy rune of Zot
 37717 | Slime:5  | Identified the +1 robe of Distant Shores {Harm rC- Int+5}
 37732 | Slime:5  | Identified the ring of the Evening {Fly rElec rN+ SInv
                  | Stlth-}
 38112 | Depths:1 | Entered Level 1 of the Depths
 38112 | Depths:1 | Found a sparkling altar of Nemelex Xobeh.
 38144 | Depths:1 | Reached XP level 26. HP: 193/209 MP: 30/30
 38171 | Depths:1 | Identified the -1 pair of boots of Dulainy {Drain Int+4
                  | Slay+3} (Okawaru gifted it to you on level 1 of the Depths)
 38171 | Depths:1 | Received a gift from Okawaru
 38173 | Depths:1 | Reached skill level 1 in Stealth
 38202 | Depths:1 | Found Bayajidda's Dragon-Slaying Spoils.
 38398 | Depths:1 | Reached skill level 13 in Dodging
 38432 | Depths:1 | Reached skill level 21 in Shields
 38672 | Depths:1 | Found a sacrificial altar of Ru.
 38769 | Depths:1 | Found a one-way gateway to a ziggurat.
 38778 | Depths:1 | Reached skill level 2 in Stealth
 38901 | Depths:2 | Noticed Saint Roka
 38933 | Depths:2 | Killed Saint Roka
 38942 | Depths:2 | Reached skill level 9 in Translocations
 38973 | Depths:2 | Reached skill level 3 in Stealth
 38984 | Depths:2 | Found a one-way gate to the infinite horrors of the Abyss.
 38991 | Depths:2 | Noticed Mara
 39001 | Depths:2 | Noticed mopl's illusion
 39002 | Depths:2 | Reached skill level 24 in Axes
 39130 | Depths:2 | Noticed mopl's illusion
 39154 | Depths:2 | Killed Mara
 39356 | Depths:2 | Identified the +5 spear of Verour {vorpal, rN+ MP+9}
 39802 | Depths:2 | Acquired 907 gold pieces
 39809 | Depths:3 | Found Voir's Jewellery Shop.
 39814 | Depths:3 | Found Neot Bev's Book Emporium.
 39815 | Depths:3 | Found Mevvepn's Jewellery Shop.
 39831 | Depths:3 | Reached skill level 4 in Stealth
 40082 | Depths:3 | Found a stormy altar of Qazlal.
 40338 | Depths:3 | Noticed a juggernaut
 40346 | Depths:3 | Killed a juggernaut
 40347 | Depths:3 | Reached skill level 15 in Evocations
 40366 | Depths:3 | Reached skill level 18 in Armour
 40486 | Depths:3 | Received a gift from Okawaru
 40621 | Depths:3 | Reached skill level 18 in Fighting
 40630 | Depths:3 | Noticed Vv
 40650 | Depths:3 | Killed Vv
 40650 | Depths:3 | Received a gift from Okawaru
 40732 | Depths:3 | Got the Handbook of Congelation and Hexes
 40767 | Depths:3 | Reached skill level 5 in Stealth
 40785 | Depths:3 | Reached XP level 27. HP: 195/217 MP: 30/30
 40793 | Depths:3 | Received a gift from Okawaru
 40918 | Depths:4 | Entered Level 4 of the Depths
 40970 | Depths:4 | Reached skill level 10 in Translocations
 41093 | Depths:4 | Reached skill level 14 in Dodging
 41131 | Depths:4 | Found a shimmering altar of Xom.
 41240 | Depths:4 | Found Wecymit's Distillery.
 41243 | Depths:4 | Bought a potion of might for 44 gold pieces
 41243 | Depths:4 | Bought a potion of might for 44 gold pieces
 41243 | Depths:4 | Bought a potion of curing for 33 gold pieces
 41243 | Depths:4 | Bought a potion of resistance for 110 gold pieces
 41243 | Depths:4 | Bought a potion of curing for 33 gold pieces
 41264 | Depths:4 | Found a gate to the Realm of Zot.
 41275 | Depths:4 | Received a gift from Okawaru
 41371 | Depths:4 | Reached skill level 6 in Stealth
 41557 | Depths:4 | Acquired the ring "Ytiach" {rN+ rCorr Str+6}
 42208 | Crypt:1  | Entered Level 1 of the Crypt
 42584 | Zot:1    | Entered Level 1 of the Realm of Zot
 42976 | Zot:1    | Identified the +8 whip of Valiance {vorpal, rElec rC+}
 43522 | Zot:2    | Received a gift from Okawaru
 43744 | Zot:2    | Reached skill level 11 in Translocations
 43758 | Zot:2    | Reached skill level 7 in Stealth
 44305 | Zot:3    | Noticed a dread lich
 44305 | Zot:3    | Noticed a Killer Klown
 44305 | Zot:3    | Noticed a Killer Klown
 44311 | Zot:3    | Noticed a Killer Klown
 44311 | Zot:3    | Noticed a Killer Klown
 44315 | Zot:2    | Killed a Killer Klown
 44315 | Zot:2    | Received a gift from Okawaru
 44338 | Zot:2    | Killed a dread lich
 44352 | Zot:2    | Killed a Killer Klown
 44353 | Zot:2    | Reached skill level 22 in Shields
 44368 | Zot:3    | Reached skill level 17 in Throwing
 44376 | Zot:3    | Killed a Killer Klown
 44400 | Zot:3    | Killed a Killer Klown
 44514 | Zot:3    | Reached skill level 15 in Dodging
 44537 | Zot:3    | Found a transporter.
 44577 | Zot:3    | Found a transporter.
 44816 | Zot:3    | Received a gift from Okawaru
 44855 | Zot:3    | Reached skill level 8 in Stealth
 45056 | Zot:4    | Reached skill level 16 in Evocations
 45085 | Zot:4    | Reached skill level 25 in Axes
 45172 | Zot:4    | Reached skill level 12 in Translocations
 45283 | Zot:4    | Identified the +1 ring mail "Guyz" {Regen+ Int+2 Dex+4}
                  | (Okawaru gifted it to you on level 4 of the Realm of Zot)
 45283 | Zot:4    | Received a gift from Okawaru
 45306 | Zot:4    | Noticed an orb of fire
 45307 | Zot:4    | Gained mutation: Armour fits poorly on your strangely
                  | shaped body. [an orb of fire]
 45319 | Zot:4    | Killed an orb of fire
 45449 | Zot:4    | Noticed an orb of fire
 45749 | Zot:5    | Entered Level 5 of the Realm of Zot
 45759 | Zot:5    | Reached skill level 9 in Stealth
 46043 | Zot:5    | Reached skill level 19 in Fighting
 46049 | Zot:5    | Reached skill level 19 in Armour
 46051 | Zot:5    | Noticed an orb of fire
 46052 | Zot:5    | Gained mutation: You are frail. (-10% HP) [mutagenic glow]
 46062 | Zot:5    | Gained mutation: You have hidden genetic defects. [an orb
                  | of fire]
 46066 | Zot:5    | Gained mutation: Your magical capacity is low. (-10% MP)
                  | [mutagenic glow]
 46071 | Zot:5    | Killed an orb of fire
 46077 | Zot:5    | Noticed an ancient lich
 46084 | Zot:5    | Killed an ancient lich
 46085 | Zot:5    | Noticed a dread lich
 46085 | Zot:5    | Noticed an orb of fire
 46086 | Zot:5    | Noticed an orb of fire
 46086 | Zot:5    | Gained mutation: Your spells are a little easier to cast,
                  | but a little less powerful. [mutagenic glow]
 46087 | Zot:5    | Noticed an orb of fire
 46088 | Zot:5    | Killed a dread lich
 46096 | Zot:5    | Gained mutation: Your body sometimes deteriorates upon
                  | taking damage. [an orb of fire]
 46109 | Zot:5    | Killed an orb of fire
 46112 | Zot:5    | Killed an orb of fire
 46117 | Zot:5    | Gained mutation: You have terrible hidden genetic defects.
                  | [an orb of fire]
 46251 | Zot:5    | Gained mutation: Your spells are easier to cast, but less
                  | powerful. [an orb of fire]
 46256 | Zot:5    | Gained mutation: You are very frail. (-20% HP) [an orb of
                  | fire]
 46258 | Zot:5    | Killed an orb of fire
 46284 | Zot:5    | Noticed a dread lich
 46287 | Zot:5    | Noticed an orb of fire
 46288 | Zot:5    | Killed a dread lich
 46293 | Zot:5    | Killed an orb of fire
 46293 | Zot:5    | Received a gift from Okawaru
 46304 | Zot:5    | Gained mutation: You are dopey. (Int -2) [hidden defects]
 46692 | Lair:1   | Lost mutation: Your body sometimes deteriorates upon taking
                  | damage. [potion of mutation]
 46692 | Lair:1   | Lost mutation: You have terrible hidden genetic defects.
                  | [potion of mutation]
 46692 | Lair:1   | Lost mutation: Your magical capacity is low. (-10% MP)
                  | [potion of mutation]
 46692 | Lair:1   | Gained mutation: Your magical capacity is low. (-10% MP)
                  | [potion of mutation]
 46693 | Lair:1   | Lost mutation: You are weak. (Str -2) [potion of mutation]
 46693 | Lair:1   | Lost mutation: Armour fits poorly on your strangely shaped
                  | body. [potion of mutation]
 46693 | Lair:1   | Lost mutation: You are dopey. (Int -2) [potion of mutation]
 46693 | Lair:1   | Gained mutation: You sometimes lose the ability to drink
                  | potions when taking damage. [potion of mutation]
 46694 | Lair:1   | Lost mutation: You are very frail. (-20% HP) [potion of
                  | mutation]
 46694 | Lair:1   | Lost mutation: Your magical capacity is low. (-10% MP)
                  | [potion of mutation]
 46694 | Lair:1   | Lost mutation: Your spells are easier to cast, but less
                  | powerful. [potion of mutation]
 46694 | Lair:1   | Lost mutation: You are frail. (-10% HP) [potion of
                  | mutation]
 46695 | Lair:1   | Lost mutation: Your spells are a little easier to cast, but
                  | a little less powerful. [potion of mutation]
 46695 | Lair:1   | Lost mutation: You have hidden genetic defects. [potion of
                  | mutation]
 46695 | Lair:1   | Lost mutation: You sometimes lose the ability to drink
                  | potions when taking damage. [potion of mutation]
 46695 | Lair:1   | Gained mutation: You are clumsy. (Dex -2) [potion of
                  | mutation]
 46695 | Lair:1   | Gained mutation: You passively dampen the noise of your
                  | surroundings. [potion of mutation]
 46695 | Lair:1   | Lost mutation: You occasionally lose the ability to drink
                  | potions when taking damage. [potion of mutation]
 46695 | Lair:1   | Gained mutation: Your system is resistant to poisons.
                  | (rPois) [potion of mutation]
 47116 | Zot:5    | Noticed a Killer Klown
 47117 | Zot:5    | Noticed an orb of fire
 47118 | Zot:5    | Noticed a Killer Klown
 47121 | Zot:5    | Gained mutation: You occasionally lose the ability to read
                  | scrolls when taking damage. [an orb of fire]
 47125 | Zot:5    | Killed an orb of fire
 47126 | Zot:5    | Reached skill level 16 in Dodging
 47149 | Zot:5    | Killed a Killer Klown
 47153 | Zot:5    | Killed a Killer Klown
 47224 | Zot:5    | Noticed a Killer Klown
 47237 | Zot:5    | Reached skill level 13 in Translocations
 47241 | Zot:5    | Killed a Killer Klown
 47242 | Zot:5    | Reached skill level 10 in Stealth
 47281 | Zot:5    | Identified the +6 long sword of Tenacity {vorpal, Contam
                  | rPois rF+ Int+5} (Okawaru gifted it to you on level 5 of
                  | the Realm of Zot)
 47281 | Zot:5    | Received a gift from Okawaru
 47302 | Zot:5    | Gained mutation: You occasionally lose the ability to drink
                  | potions when taking damage. [mutagenic glow]
 47313 | Zot:5    | Gained mutation: You sometimes lose the ability to read
                  | scrolls when taking damage. [mutagenic glow]
 48081 | Vaults:2 | You paid a toll of 4 potions of resistance to enter a
                  | treasure trove
 48082 | Trove    | Entered a treasure trove
 48087 | Trove    | Found the +7 mace of Variability {chain chaos}
 48101 | Trove    | Identified the ring "Heuhireg" {rCorr AC+4 Int+4 Dex-5}
 48103 | Trove    | Identified the +0 chain mail of the Blind Marksman
                  | {*Corrode +Blink Dex+4 SInv}
 48385 | Lair:1   | Upgraded the game from 0.30-a0-358-g0d69a1922f to
                  | 0.30-a0-364-gf6b3ef1049
 48517 | Temple   | Fell from the grace of Okawaru
 48517 | Temple   | Became a worshipper of the Shining One
 48904 | Crypt:1  | Noticed Xtahua
 48910 | Crypt:1  | Killed Xtahua
 48991 | Crypt:1  | Identified the +0 chain mail of the Iron Devil {Str+3 Dex-3
                  | Stlth+}
 48994 | Crypt:1  | Reached * piety under the Shining One
 49138 | Crypt:1  | Found a runed translucent gate.
 49138 | Crypt:1  | Found a runed translucent gate.
 49138 | Crypt:1  | Found a runed translucent gate.
 49142 | Crypt:1  | Noticed Nuh Ema's ghost (veteran HuVM)
 49142 | Crypt:1  | Noticed Titucsi's ghost (adept GrFi)
 49185 | Crypt:1  | Reached ** piety under the Shining One
 49279 | Crypt:1  | Reached *** piety under the Shining One
 49445 | Crypt:1  | Reached skill level 23 in Shields
 49546 | Crypt:1  | Killed Titucsi's ghost
 49551 | Crypt:1  | Killed Nuh Ema's ghost
 49596 | Crypt:2  | Reached **** piety under the Shining One
 49688 | Crypt:2  | Identified the ring of Pudwatyll {Ice Fly rElec Str-4
                  | Stlth+}
 49688 | Crypt:2  | Noticed Josephina
 49694 | Crypt:2  | Noticed Sojobo
 49694 | Crypt:2  | Reached ***** piety under the Shining One
 49704 | Crypt:2  | Killed Josephina
 49712 | Crypt:2  | Killed Sojobo
 49727 | Crypt:2  | Reached skill level 17 in Evocations
 50118 | Crypt:2  | Reached skill level 11 in Stealth
 50189 | Crypt:1  | Found a basalt altar of Yredelemnul.
 50252 | Crypt:2  | Reached skill level 18 in Throwing
 50344 | Crypt:2  | Noticed a royal mummy
 50360 | Crypt:2  | Killed a royal mummy
 50426 | Crypt:2  | Noticed a royal mummy
 50433 | Crypt:2  | Killed a royal mummy
 50527 | Crypt:2  | Noticed a royal mummy
 50527 | Crypt:2  | Found the +7 sceptre of Torment {pain, torment}
 50533 | Crypt:2  | Killed a royal mummy
 50920 | Crypt:3  | Entered Level 3 of the Crypt
 50938 | Crypt:3  | Reached ****** piety under the Shining One
 50940 | Crypt:3  | Reached skill level 26 in Axes
 51189 | Crypt:3  | Reached skill level 14 in Translocations
 51191 | Crypt:3  | Found an ancient bone altar of Kikubaaqudgha.
 51222 | Crypt:3  | Reached skill level 17 in Dodging
 51340 | Crypt:3  | Identified the +9 eveningstar "Akkeufosk" {pain, +Blink
                  | Dex+3}
 51341 | Crypt:3  | Identified the +8 whip "Ketez" {elec, Stlth+}
 51406 | Crypt:3  | Found a staircase to the Tomb.
 51436 | Crypt:3  | Identified the +3 arbalest "Grim Tooth" {freeze, Drain
                  | rElec rPois Will-}
 51547 | Crypt:3  | Identified the +9 quick blade "Dimaurya" {vorpal, rElec
                  | MP+9 Int+3}
 51694 | Crypt:3  | Identified the +8 hand axe of the Abyss {spect, *Noise rF++
                  | rCorr Int+4 Dex+4}
 52218 | Lair:1   | Identified a +7 executioner's axe of holy wrath (a +5
                  | vorpal executioner's axe blessed by the Shining One)
 52218 | Lair:1   | Received a gift from the Shining One
 53190 | Depths:2 | Voluntarily entered the Abyss.
 53192 | Abyss:1  | Found a snail-covered altar of Cheibriados.
 53238 | Abyss:3  | Found a corrupted altar of Lugonu.
 53404 | Abyss:3  | Noticed an ancient lich
 53411 | Abyss:3  | Killed an ancient lich
 53445 | Abyss:3  | Reached skill level 12 in Stealth
 53526 | Abyss:3  | Was forgiven by Okawaru
 53561 | Abyss:3  | Reached skill level 20 in Armour
 53794 | Abyss:3  | Found a corrupted altar of Lugonu.
 53831 | Abyss:3  | Found a corrupted altar of Lugonu.
 53912 | Abyss:3  | Reached skill level 20 in Fighting
 54449 | Abyss:5  | Found a corrupted altar of Lugonu.
 54486 | Abyss:5  | Reached skill level 15 in Translocations
 54661 | Abyss:5  | Found a corrupted altar of Lugonu.
 54664 | Abyss:5  | Found a corrupted altar of Lugonu.
 54669 | Abyss:5  | Found a corrupted altar of Lugonu.
 54689 | Abyss:5  | Reached skill level 9 in Invocations
 54743 | Abyss:5  | Gained mutation: Potions are less effective at restoring
                  | your health. [a neqoxec]
 54777 | Abyss:5  | Got an abyssal rune of Zot
 54834 | Abyss:5  | Reached skill level 13 in Stealth
 54862 | Abyss:5  | Gained mutation: You sometimes lose the ability to drink
                  | potions when taking damage. [a neqoxec]
 54934 | Abyss:5  | Reached skill level 24 in Shields
 54976 | Abyss:5  | Reached skill level 18 in Dodging
 55007 | Abyss:5  | Reached skill level 18 in Evocations
 55062 | Abyss:5  | Found a corrupted altar of Lugonu.
 55069 | Abyss:5  | Found a corrupted altar of Lugonu.
 55105 | Depths:2 | Escaped the Abyss
 55120 | Pan      | Entered Pandemonium
 55131 | Pan      | Noticed Ignacio
 55139 | Pan      | Killed Ignacio
 55428 | Pan      | Reached skill level 21 in Armour
 55469 | Pan      | Noticed Calow the pandemonium lord
 55484 | Pan      | Killed Calow the pandemonium lord
 55720 | Pan      | Entered the realm of Cerebov.
 56015 | Pan      | Found an exit through the horrors of the Abyss.
 56238 | Pan      | Identified the +7 flail "Alach" {flame, rF++}
 56238 | Pan      | Identified the ring "Ybith" {MP+9 AC+4 Dex+2}
 56248 | Pan      | Reached skill level 10 in Invocations
 56303 | Pan      | Identified the ring of Qetaos {rPois rCorr}
 56304 | Pan      | Identified the ring "Eqeass" {rF- Int+7 SInv}
 56306 | Pan      | Identified the +6 whip of the Original Sin {freeze, Will+
                  | Int-4 Stlth+}
 56401 | Pan      | Identified the +1 plate armour of Ignis's Righteous Fury
                  | {Int+3}
 56402 | Pan      | Identified the +7 spear "Haoh" {vorpal, rC+ Str+2 Int+3}
 56411 | Pan      | Found the +6 sword of Cerebov {flame}
 56411 | Pan      | Noticed Cerebov
 56547 | Pan      | Killed Cerebov
 56548 | Pan      | Reached skill level 19 in Throwing
 56566 | Pan      | Identified the +11 hand axe "Totust" {drain, Int+6}
 56606 | Pan      | Got a fiery rune of Zot
 56608 | Pan      | Got Kosap's Tractate on Ozone and Blasts
 56702 | Pan      | Reached skill level 16 in Translocations
 57005 | Pan      | Reached skill level 14 in Stealth
 57212 | Pan      | Noticed Juwoedgh Wugi the pandemonium lord
 57222 | Pan      | Killed Juwoedgh Wugi the pandemonium lord
 57359 | Pan      | Entered the realm of Mnoleg.
 57379 | Pan      | Gained mutation: You are vulnerable to heat. (rF-) [a
                  | cacodemon]
 57384 | Pan      | Gained mutation: You have hidden genetic defects. [a
                  | cacodemon]
 57538 | Pan      | Gained mutation: You occasionally shout uncontrollably at
                  | your foes. [a neqoxec]
 57539 | Pan      | Gained mutation: Your body sometimes deteriorates upon
                  | taking damage. [a neqoxec]
 57554 | Pan      | Noticed Mnoleg
 57582 | Pan      | Killed Mnoleg
 57634 | Pan      | Identified the +3 battleaxe "Huacus" {vorpal, *Slow rCorr
                  | Int+2}
 57643 | Pan      | Gained mutation: You are dopey. (Int -2) [hidden defects]
 57645 | Pan      | Got a glowing rune of Zot
 57646 | Pan      | Lost mutation: You have hidden genetic defects. [potion of
                  | mutation]
 57646 | Pan      | Lost mutation: Potions are less effective at restoring your
                  | health. [potion of mutation]
 57646 | Pan      | Lost mutation: You passively dampen the noise of your
                  | surroundings. [potion of mutation]
 57646 | Pan      | Gained mutation: Your body often deteriorates upon taking
                  | damage. [potion of mutation]
 57646 | Pan      | Gained mutation: You are partially covered in large bone
                  | plates. (SH +4) [potion of mutation]
 57650 | Pan      | Lost mutation: Your body often deteriorates upon taking
                  | damage. [potion of mutation]
 57650 | Pan      | Lost mutation: You sometimes lose the ability to read
                  | scrolls when taking damage. [potion of mutation]
 57650 | Pan      | Lost mutation: You occasionally shout uncontrollably at
                  | your foes. [potion of mutation]
 57650 | Pan      | Lost mutation: You are dopey. (Int -2) [potion of mutation]
 57654 | Pan      | Lost mutation: You occasionally lose the ability to read
                  | scrolls when taking damage. [potion of mutation]
 57654 | Pan      | Lost mutation: Your body sometimes deteriorates upon taking
                  | damage. [potion of mutation]
 57654 | Pan      | Gained mutation: You are somewhat resistant to further
                  | mutation. [potion of mutation]
 57654 | Pan      | Gained mutation: You are strong-willed. (Will+) [potion of
                  | mutation]
 57731 | Pan      | Reached skill level 11 in Invocations
 57748 | Pan      | Gained mutation: Your spells are a little easier to cast,
                  | but a little less powerful. [a neqoxec]
 57776 | Pan      | Gained mutation: You are vulnerable to cold. (rC-) [a
                  | cacodemon]
 57816 | Pan      | Gained mutation: You occasionally lose the ability to read
                  | scrolls when taking damage. [a neqoxec]
 57839 | Pan      | Found an exit through the horrors of the Abyss.
 57851 | Pan      | Took an exit into the Abyss.
 57851 | Abyss:5  | Escaped into the Abyss
 57857 | Abyss:5  | Reached skill level 21 in Fighting
 57985 | Depths:2 | Escaped the Abyss
 58401 | Temple   | Fell from the grace of the Shining One
 58401 | Temple   | Became a worshipper of Zin the Law-Giver
 58401 | Temple   | Reached * piety under Zin
 58401 | Temple   | Reached ** piety under Zin
 58401 | Temple   | Reached *** piety under Zin
 58401 | Temple   | Reached **** piety under Zin
 58401 | Temple   | Reached ***** piety under Zin
 58717 | Hell     | Entered the Vestibule of Hell
 58717 | Hell     | Noticed Geryon
 58727 | Hell     | Killed Geryon
 58729 | Hell     | Reached skill level 22 in Armour
 58737 | Hell     | Noticed Murray
 58961 | Hell     | Killed Murray
 59020 | Hell     | Found a gateway to the ashen valley of Gehenna.
 59024 | Hell     | Reached skill level 15 in Stealth
 59116 | Hell     | Found a gateway to the Iron City of Dis.
 59202 | Hell     | Found a gateway to the decaying netherworld of Tartarus.
 59233 | Hell     | Reached skill level 19 in Dodging
 59237 | Hell     | Found a gateway to the freezing wastes of Cocytus.
 59377 | Tar:1    | Entered Level 1 of Tartarus
 59389 | Tar:1    | Reached skill level 17 in Translocations
 59435 | Tar:2    | You are sucked into a shaft and drop 1 floor!
 59478 | Tar:3    | Noticed a dread lich
 59482 | Tar:3    | Killed a dread lich
 59500 | Tar:3    | Reached skill level 19 in Evocations
 59503 | Tar:3    | Reached skill level 25 in Shields
 59898 | Tar:5    | Reached ****** piety under Zin
 60016 | Hell     | Lost mutation: Your spells are a little easier to cast, but
                  | a little less powerful. [potion of mutation]
 60016 | Hell     | Lost mutation: You are partially covered in large bone
                  | plates. (SH +4) [potion of mutation]
 60016 | Hell     | Lost mutation: You are vulnerable to heat. (rF-) [potion of
                  | mutation]
 60017 | Hell     | Lost mutation: You are vulnerable to cold. (rC-) [potion of
                  | mutation]
 60017 | Hell     | Lost mutation: You sometimes lose the ability to drink
                  | potions when taking damage. [potion of mutation]
 60018 | Hell     | Lost mutation: You are somewhat resistant to further
                  | mutation. [potion of mutation]
 60018 | Hell     | Lost mutation: You occasionally lose the ability to drink
                  | potions when taking damage. [potion of mutation]
 60019 | Hell     | Lost mutation: Your system is resistant to poisons. (rPois)
                  | [potion of mutation]
 60019 | Hell     | Lost mutation: You are clumsy. (Dex -2) [potion of
                  | mutation]
 60019 | Hell     | Lost mutation: You are strong-willed. (Will+) [potion of
                  | mutation]
 60136 | Tar:5    | Reached skill level 12 in Invocations
 61116 | Temple   | Fell from the grace of Zin
 61116 | Temple   | Became a worshipper of the Shining One
 61440 | Geh:1    | Entered Level 1 of Gehenna
 61629 | Geh:3    | Found a runed translucent gate.
 61629 | Geh:3    | Found a runed translucent gate.
 61629 | Geh:3    | Found a runed translucent gate.
 61629 | Geh:3    | Found a runed translucent gate.
 61629 | Geh:3    | Found a runed translucent gate.
 61629 | Geh:3    | Found a runed translucent gate.
 61629 | Geh:3    | Found a runed translucent gate.
 61630 | Geh:3    | Found a runed translucent gate.
 61630 | Geh:3    | Found a runed translucent gate.
 61631 | Geh:3    | Found a runed translucent gate.
 61631 | Geh:3    | Found a runed translucent gate.
 61631 | Geh:3    | Found a runed translucent gate.
 61861 | Geh:4    | Reached skill level 23 in Armour
 62058 | Geh:4    | Reached skill level 16 in Stealth
 62392 | Geh:7    | Entered Level 7 of Gehenna
 62498 | Geh:7    | Reached skill level 20 in Throwing
 62508 | Geh:7    | Reached skill level 18 in Translocations
 62953 | Geh:7    | Identified the +9 whip "Impslayer" {flame, rPois Int+2}
 62999 | Geh:7    | Reached skill level 20 in Dodging
 63004 | Geh:7    | Reached skill level 13 in Invocations
 63138 | Geh:7    | Found the +7 sceptre of Asmodeus
 63138 | Geh:7    | Noticed Asmodeus
 63149 | Geh:7    | Killed Asmodeus
 63156 | Geh:7    | Got an obsidian rune of Zot
 63409 | Hell     | HP: 10/231 [Tzitzimitl[a doom hound] (6)]
 63694 | Tar:7    | Entered Level 7 of Tartarus
 63827 | Tar:7    | Noticed Ereshkigal
 63856 | Tar:7    | Killed Ereshkigal
 63857 | Tar:7    | Reached skill level 22 in Fighting
 63936 | Tar:7    | Identified the +6 war axe of the Shrinking Gods {antimagic,
                  | Dex+5}
 63978 | Tar:7    | Got a bone rune of Zot
 64066 | Coc:1    | Entered Level 1 of Cocytus
 64091 | Coc:1    | Reached skill level 17 in Stealth
 64122 | Coc:2    | Noticed a shard shrike
 64124 | Coc:2    | Noticed a shard shrike
 64135 | Hell     | Killed a shard shrike
 64194 | Coc:2    | Killed a shard shrike
 64195 | Coc:2    | Reached skill level 20 in Evocations
 64226 | Coc:2    | Reached skill level 26 in Shields
 64393 | Coc:3    | The Shining One protects you from harm!
 65163 | Coc:3    | Reached skill level 19 in Translocations
 65201 | Coc:4    | Reached skill level 24 in Armour
 65291 | Coc:5    | Noticed a shard shrike
 65291 | Coc:5    | Noticed a shard shrike
 65292 | Coc:5    | Noticed a shard shrike
 65292 | Coc:5    | Noticed a shard shrike
 65292 | Coc:5    | Noticed a shard shrike
 65292 | Coc:5    | Noticed a shard shrike
 65292 | Coc:5    | Noticed a shard shrike
 65303 | Coc:5    | Killed a shard shrike
 65303 | Coc:5    | The Shining One protects you from harm!
 65303 | Coc:5    | The Shining One protects you from harm!
 65304 | Coc:5    | Killed a shard shrike
 65306 | Coc:5    | Killed a shard shrike
 65306 | Coc:5    | Killed from afar by a shard shrike

Illustrated notes

Levels and vault maps discovered:
D:1:      heliophobic_arrival_battle_scene, layout_basic
D:2:      layout_basic, minmay_3d_cube
D:3:      layout_loops_ring, okawaru_metal_pillars_1_2, lemuel_round_altar,
          serial_shops, nicolae_shop_bloodbath_and_beyond, shop, uniq_grinder
D:4:      layout_rooms, nicolae_dithmenos_through_a_glass_darkly
D:5:      lemuel_ratsnest, layout_basic, minmay_temple_entry_overgrown
D:6:      layout_basic, amcnicky_altar_gilded, mainiacjoe_overflow_two_lobes,
          nicolae_ossuary_entry_plus, nicolae_shop_i_like_big_books,
          centaur_isle
D:7:      layout_cave_pods, dk_noncrumbling_4
D:8:      layout_basic, tgw_kikubaaqudgha, nicolae_ashenzari_panopticon,
          chequers_serial_rivers_large_a, uniq_pikel, uniq_prince_ribbit1,
          uniq_maggie
D:9:      layout_rooms, mainiacjoe_overflow_24_doors, lair_entry_dummy,
          david_orc_5
D:10:     layout_rooms, eino_small_chamber_without_monster,
          kennysheep_flooded_box, uniq_psyche
D:11:     layout_cave_pods, portal_ice_cave_rime
D:12:     gammafunk_sealed_arena, layout_irregular_city, gammafunk_ghost_ooze,
          uniq_maurice, uniq_jorgrun
D:13:     evilmike_halls_of_destruction, layout_basic, special_room
          [special_room_bee], serial_ice, serial_ice_g, serial_ice_k,
          serial_ice_a, serial_ice_e, st_stairs_4
D:14:     evilmike_library_of_no_secrets, layout_rooms,
          lightli_vaults_fourway_checkpoint, abandoned_shop
D:15:     hangedman_depths_entry_civil_slaughter, layout_basic,
          dreamdust_wishing_well, hangedman_parallel_progression
Temple:   dshaligram_water_room_temple
Lair:1:   layout_cave_shapes
Lair:2:   layout_roguey, nicolae_volcano_entry_lava_flow,
          gauntlet_entry_generic, guppyfry_lair_drakes, grunt_megastairs_2,
          lemuel_fruit_fields, serial_bayou_shore_a
Lair:3:   layout_long_grid, palyth_hydra_swamp_entry,
          spider_nest_entry_web_field, grunt_megastairs_5,
          infiniplex_staircase_pool
Lair:4:   layout_roguey [special_room_mythical_zoo], gammafunk_ghost_split,
          chequers_serial_rivers_room_b, evilmike_ambush
          [evilmike_ambush_outer_basic, evilmike_ambush_inner_basic],
          grunt_megastairs_3, lemuel_fruit_fields
Lair:5:   evil_forest, layout_loops_ring, slime_entry_2, serial_forest,
          infiniplex_forest_zigzag_2, infiniplex_forest_corner_2,
          infiniplex_forest_clump_medium, infiniplex_forest_zigzag_2,
          infiniplex_forest_corner_1, infiniplex_forest_clump_diagonal,
          infiniplex_forest_lined_2, infiniplex_forest_end_3, uniq_snorg,
          uniq_rupert
Swamp:1:  layout_basic_swamp, evilmike_swamp_ruin_house_3
Swamp:2:  layout_falls_marsh, evilmike_swamp_ruin_house_6, uniq_mlioglotl,
          uniq_frances
Swamp:3:  layout_falls_marsh, evilmike_swamp_ruin_rubble_1, swamp_pool2,
          uniq_nikola, uniq_aizul
Swamp:4:  byrel_swamp_growth_death_and_undeath, layout_basic_swamp, swamp_pool1,
          grunt_ruined_hall
Spider:1: layout_chambers, nicolae_spider_claw_tunnel, uniq_louise
Spider:2: layout_spider_delve
Spider:3: layout_chambers, gammafunk_ghost_tricky_traps, spiders_nest_the_unseen
Spider:4: grunt_spider_rune_island, nicolae_spider_webs_and_nodes,
          spiders_nest_ghost_moth_duel
Slime:1:  layout_caves
Slime:2:  layout_caves
Slime:3:  layout_caves, nicolae_slime_phagocytosis
Slime:4:  layout_caves
Slime:5
Orc:1:    cheibrodos_orc_guarddog, layout_caves, nicolae_orc_sculptors_studio,
          mines2_lemuel
Orc:2:    pf_orc_diabolical, layout_diamond_mine, serial_shops, shop,
          nicolae_shop_trees, shop, mines_bat_river
Elf:1:    eino_elf_arrival_sip, layout_geoelf_octagon, minmay_elf_necromancy
Elf:2:    nicolae_elf_blades_splatter_lattice [mumra_blade_entry_bloodbath],
          layout_geoelf_octagon, uniq_roxanne
Elf:3:    grunt_elf_hall_diamonds, layout_geoelf_castle,
          ebering_dispersal_statue_hall, evilmike_minifort
Vaults:1: vaults_room_semicircle, vaults_mumra_lcd,
          ontoclasm_vaults_claustrophobia, vaults_room_corners,
          nicolae_vaults_disjoint_gnomons, vaults_room_ringed_pool, v_misc_13,
          nicolae_vaults_rhombus_6, ontoclasm_vaults_pinch,
          ontoclasm_vaults_chip, v_pattern_4, vaults_dpeg_emergency_exit,
          layout_vaults_quadrants, uniq_zenata
Vaults:2: serial_ice_m, v_rooms_1, vaults_dpeg_ring, vaults_room_semicircle,
          ontoclasm_vaults_eye, v_misc_16, vaults_room_pool,
          vaults_standard_mumra_x, v_alt_pattern_1, vaults_dpeg_cross,
          layout_vaults_omnibox, serial_shops, shop, enter_trove_0
Vaults:3: grunt_vaults_trifunnel, nicolae_vaults_twisting_passages,
          minmay_crypt_entry_necro_gods, nicolae_vaults_little_squares_4,
          ontoclasm_vaults_twist, nicolae_vaults_network_star, v_misc_26,
          v_alt_pattern_6, vaults_room_octagon, v_rooms_3,
          ontoclasm_vaults_ligature, vaults_dpeg_encased_lava,
          layout_vaults_big_cross, uniq_margery, uniq_mennas, uniq_jory
Vaults:4: st_greater_box_3, ontoclasm_vaults_loading_screen,
          hangedman_vaults_stitches, hangedman_vaults_nails,
          nicolae_vaults_little_squares_1, vaults_room_pools,
          nicolae_vaults_rhombus_5, layout_vaults_big_room, uniq_bai_suzhen
Vaults:5
Crypt:1:  layout_misc_corridors, gammafunk_ghost_cemetery,
          lemuel_upstairs_altar, grunt_crypt_arrival_webbed, uniq_xtahua
Crypt:2:  minmay_guarded_unrand_sceptre_of_torment, layout_regular_city,
          grunt_megastairs_4, uniq_sojobo, uniq_josephina
Crypt:3:  grunt_crypt_end_deaths_head
Depths:1: layout_gridlike, enter_ziggurat_f, pf_coc_iceberg,
          nicolae_ru_path_of_blood, nicolae_shop_dragon_depot, hex_large,
          nemelex_xobeh_ov_fountains_minmay
Depths:2: minmay_distorted_concentric_squares, layout_cave_pools, abyss_entry,
          pan_entry, hangedman_geh_valley, grunt_decor_clamped,
          grunt_ministairs_13, uniq_mara, uniq_saint_roka
Depths:3: cell_vault, layout_cave_pools, infiniplex_staircase_diamond,
          hell_entry, abyss_entry, nicolae_qazlal_general_emergency,
          minmay_shop_grove, uniq_vv
Depths:4: evilmike_zot_entry_argh, layout_gridlike, hell_entry, serial_shops,
          nicolae_shop_hallway_stairs, led_xom_imps, grunt_megastairs_1
Hell
Geh:1:    layout_gehenna_lava_caves
Geh:2:    layout_gehenna_lava_caves
Geh:3:    layout_gehenna_pools_triple, nicolae_geh_backdraft
Geh:4:    nicolae_geh_split_lavaduct, layout_gehenna_pools_box
Geh:5:    layout_gehenna_lava_caves
Geh:6:    layout_gehenna_pools_box
Geh:7:    geh_hangedman
Coc:1:    layout_ice_bergs
Coc:2:    layout_ice_bergs
Coc:3:    nicolae_hells_giants_party, layout_cocytus_water_paths
Coc:4:    layout_cocytus_delve
Coc:5:    layout_cocytus_delve
Tar:1:    layout_grid_maze, nicolae_tar_cuneiform_bird
Tar:2:    layout_catacombs
Tar:3:    layout_catacombs
Tar:4:    layout_grid_maze
Tar:5:    layout_honeycomb, nicolae_tar_windowcombs
Tar:6:    layout_grid_maze
Tar:7:    tar_grunt_cathedral
Zot:1:    layout_concentric_octagons, grunt_ministairs_3
Zot:2:    layout_twisted_circle, grunt_ministairs_7
Zot:3:    ebering_klown_carousel, layout_basic, st_stairs_13,
          nicolae_diode_stairs
Zot:4:    kennysheep_blocky_hall, layout_basic, grunt_ministairs_4,
          nrook_zot_tub
Zot:5:    layout_concentric_octagons

Skill      XL: |  1  2  3  4  5  6  7  8  9 10 11 12 13 14 15 16 17 18 19 20 21 22 23 24 25 26 27 |
---------------+----------------------------------------------------------------------------------+-----
Axes           | 3 4 5 6 8 9 10 11 13 14 15 16 17 18 19 20 21 22 23 24 26 | 26.0
Invocations    | 3 5 6 8 13 | 13.0
Armour         | 3 5 7 8 10 11 12 13 14 15 16 17 18 24 | 24.0
Fighting       | 4 5 7 8 10 11 12 13 14 15 16 17 18 22 | 22.0
Throwing       | 2 3 5 7 8 9 10 11 12 13 14 15 16 20 | 20.6
Dodging        | 3 5 6 7 8 9 10 11 12 13 20 | 20.9
Shields        | 4 7 10 12 14 16 17 18 19 20 21 26 | 26.0
Evocations     | 2 5 6 7 9 10 11 12 13 14 15 20 | 20.0
Translocations | 4 5 6 7 8 9 19 | 19.2
Spellcasting   | 3 4 5 |  5.0
Stealth        | 5 17 | 17.6

Action                   |  1- 3 |  4- 6 |  7- 9 | 10-12 | 13-15 | 16-18 | 19-21 | 22-24 | 25-27 || total
-------------------------+-------+-------+-------+-------+-------+-------+-------+-------+-------++-------
Melee: Hand axe          |   111 |    93 |   407 |       |       |       |       |       |       ||   611
       Punch             |     1 |     1 |     1 |       |       |       |       |       |       ||     3
       War axe           |       |       |    88 |     4 |       |       |       |       |       ||    92
       Broad axe         |       |       |       |   439 |   111 |       |       |       |       ||   550
       Battleaxe         |       |       |       |       |   626 |   963 |  1126 |       |       ||  2715
       Executioner's axe |       |       |       |       |       |       |   124 |  1000 |  4523 ||  5647
Throw: Dart              |       |     4 |       |     6 |     5 |     7 |    11 |       |     5 ||    38
       Boomerang         |       |       |       |       |       |       |       |    10 |    34 ||    44
       Javelin           |       |       |       |       |       |       |       |       |    14 ||    14
 Cast: Apportation       |       |       |       |       |       |       |       |       |     2 ||     2
Invok: Heroism           |       |       |    11 |    14 |    17 |    19 |    20 |    17 |    20 ||   118
       Finesse           |       |       |       |       |     1 |     1 |     2 |     4 |     3 ||    11
       Cleansing Flame   |       |       |       |       |       |       |       |       |     5 ||     5
       Recite            |       |       |       |       |       |       |       |       |     1 ||     1
       Divine Shield     |       |       |       |       |       |       |       |       |     1 ||     1
       Brand Weapon With |       |       |       |       |       |       |       |       |     1 ||     1
 Abil: Dig               |       |       |       |       |       |       |       |       |     7 ||     7
Evoke: Wand              |       |     6 |     1 |     5 |     1 |       |     1 |     1 |     3 ||    18
       Lightning rod     |       |       |       |       |       |       |       |     4 |       ||     4
       Phial of floods   |       |       |       |       |       |       |       |     1 |     1 ||     2
       Condenser vane    |       |       |       |       |       |       |       |     1 |       ||     1
       Tin of tremorston |       |       |       |       |       |       |       |       |     1 ||     1
  Use: Scroll            |       |     4 |     6 |       |     4 |    11 |     5 |    10 |    19 ||    59
       Potion            |       |       |       |     4 |     2 |     1 |     1 |       |    27 ||    35
 Stab: Distracted        |       |       |       |       |       |     3 |       |       |     1 ||     4
       Petrifying        |       |       |       |       |       |     5 |       |       |       ||     5
       Petrified         |       |       |       |       |       |     2 |       |       |       ||     2
       Paralysed         |       |       |       |       |       |       |     5 |       |       ||     5
Armor: Ring mail         |    60 |     4 |       |       |       |       |       |       |       ||    64
       Leather armour    |     4 |       |       |       |       |       |       |       |       ||     4
       Scale mail        |       |    42 |     6 |       |       |       |       |       |       ||    48
       Chain mail        |       |       |   189 |   101 |       |       |       |       |       ||   290
       Skin              |       |       |       |     6 |       |       |       |       |    13 ||    19
       Crystal plate arm |       |       |       |   138 |   358 |   386 |   462 |   328 |   583 ||  2255
       Plate armour      |       |       |       |       |       |     3 |       |       |       ||     3
       Gold dragon scale |       |       |       |       |       |       |       |       |   524 ||   524
Dodge: Dodged            |    73 |    44 |   137 |   141 |   121 |   223 |   226 |   227 |   931 ||  2123
Block: Buckler           |       |       |    53 |    83 |    32 |       |       |       |       ||   168
       Tower shield      |       |       |       |       |   458 |   936 |  1251 |   978 |  3717 ||  7340

Table legend: (Time is in decaauts)
 A = Elapsed time spent in this place.
 B = Non-inter-level travel time spent in this place.
 C = Inter-level travel time spent in this place.
 D = Time resting spent in this place.
 E = Time spent auto-exploring this place.
 F = Levels seen in this place.
 G = Mean time per level.
                   A        B        C        D        E       F      G
               +--------+--------+--------+--------+--------+-----+--------+
         Total |  63569 |  52882 |  10687 |   4315 |  29191 |  94 |  676.3 |
       Dungeon |  15659 |  11591 |   4068 |    911 |   7306 |  15 | 1043.9 |
        Temple |    442 |    400 |     42 |    254 |     85 |   1 |  442.0 |
          Lair |   6276 |   4363 |   1913 |    222 |   2559 |   5 | 1255.2 |
         Swamp |   2280 |   2172 |    108 |     87 |   1327 |   4 |  570.0 |
   Spider Nest |   4237 |   4093 |    144 |    344 |   2674 |   4 | 1059.2 |
    Slime Pits |    495 |    430 |     65 |      8 |      0 |   5 |   99.0 |
  Orcish Mines |   2099 |   1803 |    296 |     18 |   1147 |   2 | 1049.5 |
   Elven Halls |   3068 |   2866 |    202 |     47 |   1780 |   3 | 1022.7 |
        Vaults |   6667 |   5233 |   1434 |     39 |   3854 |   5 | 1333.4 |
         Crypt |   2934 |   2763 |    171 |    273 |   1672 |   3 |  978.0 |
        Depths |   4009 |   3291 |    718 |    202 |   2126 |   4 | 1002.2 |
          Hell |   1800 |   1655 |    145 |   1147 |    216 |   1 | 1800.0 |
       Gehenna |   1441 |   1132 |    309 |    137 |     66 |   7 |  205.9 |
       Cocytus |    547 |    420 |    127 |      2 |     41 |   5 |  109.4 |
      Tartarus |   1489 |   1084 |    405 |     47 |    325 |   7 |  212.7 |
           Zot |   4454 |   3920 |    534 |    260 |   2383 |   5 |  890.8 |
         Abyss |   1883 |   1883 |      0 |     88 |    263 |   6 |  313.8 |
   Pandemonium |   2604 |   2604 |      0 |    191 |   1154 |   7 |  372.0 |
         Trove |     39 |     39 |      0 |      0 |      5 |   1 |   39.0 |
       Ossuary |    183 |    183 |      0 |      0 |     65 |   1 |  183.0 |
      Ice Cave |    600 |    600 |      0 |     36 |    142 |   1 |  600.0 |
       Volcano |    138 |    138 |      0 |      0 |      0 |   1 |  138.0 |
      Gauntlet |    216 |    216 |      0 |      0 |      0 |   1 |  216.0 |
               +--------+--------+--------+--------+--------+-----+--------+

Top non-repeatable levels by time:
    Hell: 1800 daAuts
  Lair:5: 1732 daAuts
Vaults:1: 1651 daAuts
    D:14: 1599 daAuts
    D:11: 1505 daAuts
     D:7: 1484 daAuts
Vaults:2: 1479 daAuts
   Orc:2: 1447 daAuts
  Lair:1: 1419 daAuts
   Elf:3: 1416 daAuts
Vaults:3: 1323 daAuts
Spider:3: 1302 daAuts
 Crypt:2: 1299 daAuts
Vaults:4: 1247 daAuts
     D:5: 1229 daAuts
